 Dungeon Crawl Stone Soup version 0.17-a0-1651-gae1a69f (webtiles) character file.

1401344 Multipenetrator the Imperceptible (level 27, -12/274 HPs)
             Began as a Naga Enchanter on Aug 8, 2015.
             Was the Champion of Cheibriados.
             Killed from afar by a Brimstone Fiend (43 damage)
             ... with a blast of hellfire
             ... on level 11 of a ziggurat on Aug 14, 2015.
             The game lasted 1 day 14:00:09 (91190 turns).

Multipenetrator the Imperceptible (NaEn)       Turns: 91190, Time: 1 , 14:00:10

Health: -12/274    AC: 33    Str: 34    XL:     27
Magic:  0/62       EV: 45    Int: 41    God:    Cheibriados [******]
Gold:   8777       SH: 16    Dex: 45    Spells: 14 memorised, 2 levels left

rFire  + + .     SeeInvis +     a - +9 double sword (holy)
rCold  + + +     Clarity  .     o - +4 moon troll leather armour {Spirit, Regen++ MP+5}
rNeg   + + +     SustAt   .     w - +0 shield "Numimp" {rC+ rCorr Str+4 Int+4}
rPois  +         Gourm    .     e - +2 helmet {Int+3}
rElec  +         Spirit   +     X - +0 cloak of Lies {rC+ MR+ Dex+2}
rCorr  +         Warding  .     M - +1 pair of gloves of the Pits of Slime {rC+ Str+3 Dex+6}
rMut   +         Stasis   .     d - +4 naga barding {rF+}
MR     +++++                    I - amulet "Mopojo" {rMut rF+++ rN++ Int-2 Slay+2}
Stlth  ++++++++++               t - ring of Awe {+Inv rElec MR+ Int+4 Slay+3}
                                k - ring "Ivveliud" {rF+ rN+ MP+9 Slay+3}

@: phasing, fire vulnerable, very slightly contaminated, regenerating, deflect
missiles, very slow, almost entirely resistant to hostile enchantments,
uncannily stealthy
A: see invisible, deformed body, poison resistance, slowness 2, slow metabolism
1, spit poison 2, wild magic 1, constrict 1, AC +9
a: Spit Poison, Bend Time, Temporal Distortion, Slouch, Step From Time, Renounce
Religion, Evoke Invisibility
}: 15/15 runes: barnacled, slimy, silver, golden, iron, obsidian, icy, bone,
abyssal, demonic, glowing, magical, fiery, dark, gossamer


You were on level 11 of a ziggurat.
You worshipped Cheibriados.
Cheibriados was exalted by your worship.
You were hungry.

You visited 17 branches of the dungeon, and saw 90 of its levels.
You visited Pandemonium 1 time, and saw 20 of its levels.
You visited the Abyss 1 time.
You visited 1 bazaar.
You visited 2 ziggurats, and saw 30 of their levels (deepest: 19).
You also visited: Trove and Wizlab.

You collected 17001 gold pieces.
You spent 7736 gold pieces at shops.

Inventory:

Hand weapons
 a - a +9 double sword of holy wrath (weapon)
Missiles
 L - 6 throwing nets (quivered)
Armour
 d - a +4 naga barding of fire resistance (worn)
 e - a +2 helmet of intelligence (worn)
 o - the +4 moon troll leather armour (worn) {Spirit, Regen++ MP+5}
   (You took it off a moon troll in a wizard's laboratory)

   It affects your magic capacity (+5).
   It increases your rate of regeneration.
 w - the +0 shield "Numimp" (worn) {rC+ rCorr Str+4 Int+4}
   (You took it off a balrug in Pandemonium)

   It affects your strength (+4).
   It affects your intelligence (+4).
   It protects you from cold.
   It protects you from acid and corrosion.
 M - the +1 pair of gloves of the Pits of Slime (worn) {rC+ Str+3 Dex+6}
   (You bought it in a shop on level 9 of the Dungeon)

   It affects your strength (+3).
   It affects your dexterity (+6).
   It protects you from cold.
 X - the +0 cloak of Lies (worn) {rC+ MR+ Dex+2}
   (You found it on level 6 of the Pits of Slime)

   It affects your dexterity (+2).
   It protects you from cold.
   It affects your resistance to hostile enchantments.
Jewellery
 k - the ring "Ivveliud" (left hand) {rF+ rN+ MP+9 Slay+3}
   (You found it on level 3 of the Crypt)

   [ring of positive energy]

   It affects your accuracy and damage with ranged weapons and melee attacks
   (+3).
   It protects you from fire.
   It protects you from negative energy.
   It affects your magic capacity (+9).
 r - the ring "Lynguino" {+Fly rC+ rN++ Str+3}
   (You bought it in a shop on level 4 of the Orcish Mines)

   [ring of flight]

   It affects your strength (+3).
   It protects you from cold.
   It greatly protects you from negative energy.
   It lets you fly.
 t - the ring of Awe (right hand) {+Inv rElec MR+ Int+4 Slay+3}
   (You bought it in a shop on level 4 of the Orcish Mines)

   [ring of slaying]

   It affects your intelligence (+4).
   It affects your accuracy and damage with ranged weapons and melee attacks
   (+3).
   It insulates you from electricity.
   It affects your resistance to hostile enchantments.
   It lets you turn invisible.
 I - the amulet "Mopojo" (around neck) {rMut rF+++ rN++ Int-2 Slay+2}
   (You found it on level 7 of Gehenna)

   [amulet of resist mutation]

   It protects you from mutation.
   It affects your intelligence (-2).
   It affects your accuracy and damage with ranged weapons and melee attacks
   (+2).
   It renders you almost immune to fire.
   It greatly protects you from negative energy.
 T - the ring of Peafadao {Str+6 Int-3 Dex+8}
   (You found it in Pandemonium)

   [ring of strength]

   It affects your strength (+6).
   It affects your intelligence (-3).
   It affects your dexterity (+8).
Magical devices
 b - a wand of heal wounds (1)
 h - a wand of digging (12)
Scrolls
 i - 2 scrolls of holy word
 q - 23 scrolls of remove curse
 x - 9 scrolls of magic mapping
 A - 28 scrolls of recharging
 B - 23 scrolls of teleportation
 E - 12 scrolls of identify
 G - 5 scrolls of enchant armour
 P - 4 scrolls of fog
 R - 4 scrolls of blinking
 U - a scroll of summoning
 Z - 3 scrolls of enchant weapon
Potions
 j - 14 potions of curing
 m - 7 potions of agility
 s - 5 potions of cancellation
 v - 9 potions of cure mutation
 y - 3 potions of magic
 C - 7 potions of might
 J - 6 potions of brilliance
 S - 6 potions of heal wounds
 W - 3 potions of resistance
Miscellaneous
 c - a fan of gales
 f - 4 phantom mirrors
 g - a legendary deck of escape {drawn: 1}
 l - a disc of storms
 u - a lamp of fire (inert)
 z - a crystal ball of energy
 H - a phial of floods
 O - the horn of Geryon
 Q - a stone of tremors
 Y - a legendary deck of war {the Blade, drawn: 2}
Comestibles
 n - a beef jerky
 p - 32 bread rations
 F - 41 fruits
 N - 23 meat rations
 V - 9 royal jellies


   Skills:
 - Level 21.6 Fighting
   Level 6.9(16.2) Short Blades
 - Level 22.0(22.3) Long Blades
   Level 3.1 Maces & Flails
 - Level 8.4 Armour
 - Level 22.7 Dodging
 - Level 24.6 Stealth
 - Level 9.4 Shields
 - Level 21.9 Spellcasting
 - Level 21.6 Conjurations
 - Level 10.9 Hexes
 - Level 2.2 Charms
 - Level 10.6 Summonings
 - Level 12.8 Necromancy
 - Level 17.8 Translocations
 + Level 23.3 Fire Magic
 - Level 14.9 Air Magic
 - Level 21.5 Earth Magic
 - Level 11.4 Invocations
 - Level 18.7 Evocations


You had 2 spell levels left.
You knew the following spells:

 Your Spells              Type           Power        Failure   Level  Hunger
a - Phase Shift           Tloc           ########..   1%          5    None
b - Tukima's Dance        Hex            ########     1%          3    None
c - Summon Butterflies    Summ           ########     1%          1    None
d - Regeneration          Chrm/Necr      ########..   1%          3    None
e - Song of Slaying       Chrm           #######.     2%          2    None
f - Fire Storm            Conj/Fire      ########..   16%         9    ###....
g - Deflect Missiles      Chrm/Air       ########..   7%          6    None
h - Malign Gateway        Summ/Tloc      ########..   4%          7    None
i - Aura of Abjuration    Summ           ########..   1%          5    None
j - Lehudib's Crystal Sp  Conj/Erth      ########..   3%          8    None
k - Iron Shot             Conj/Erth      ########..   1%          6    None
l - Controlled Blink      Tloc           N/A          2%          7    None
m - Stoneskin             Trmt/Erth      ########     1%          2    None
n - Spectral Weapon       Hex/Chrm       #######.     1%          3    None


Dungeon Overview and Level Annotations

Branches:
Dungeon (15/15)            Temple (1/1) D:4            Lair (8/8) D:10
 Shoals (4/4) Lair:4       Spider (4/4) Lair:4        Slime (6/6) Lair:7
    Orc (4/4) D:12            Elf (3/3) Orc:3        Vaults (5/5) D:13
  Crypt (3/3) Vaults:2       Tomb (3/3) Crypt:3      Depths (5/5) D:15
   Hell (1/1)                 Dis (7/7) Hell            Geh (7/7) Hell
    Coc (7/7) Hell            Tar (7/7) Hell            Zot (0/5) Depths:5

Altars:
Ashenzari
Cheibriados
Dithmenos
Elyvilon
Fedhas
Gozag
Kikubaaqudgha
Makhleb
Nemelex Xobeh
Okawaru
Qazlal
Ru
Sif Muna
Trog
Vehumet
Xom
Yredelemnul
Zin
The Shining One
Beogh
Jiyva

Shops:
D:5 !   D:9 [   Orc:3 [   Orc:4 :}*(   Elf:2 }*:   Shoals:4 [((*[   Vaults:2 }
Vaults:3 :   Vaults:4 [   Depths:2 ?(!!   Depths:3 =   Depths:4 %

Portals:
Hell: Depths:1 Depths:2 Depths:3 Depths:4 Depths:5
Abyss: Depths:1 Depths:3 Depths:4 Depths:5
Pandemonium: Depths:3 Depths:4

Annotations:
D:10 karlkraus's ghost, powerful MiFi


Innate Abilities, Weirdness & Mutations

You cannot wear boots.
Your serpentine skin is tough (AC +9).
You have supernaturally acute eyesight.
Armour fits poorly on your strangely shaped body.
Your system is resistant to poisons.
You cover ground very slowly.
You have a slow metabolism.
You can spit poison.
You can use your snake-like lower body to constrict enemies.
Your spells are a little harder to cast, but a little more powerful.


Message History

The spell is very dangerous to cast!
Continue anyway?
Aiming: Fire Storm
Press: ? - help, Dir - move target cursor, f - large abomination
Aim: a large abomination (almost destroyed)
You miscast Fire Storm.
You resist.
You are blasted with searing flames!
The searing flames burn away your fire resistance!
* * * LOW HITPOINT WARNING * * *
You are near starving!
Eat which item? (? for menu, Esc to quit)
You are feeling hungry.
The hellion gestures at you.
The hellfire explodes!
The burst of hellfire engulfs you!
* * * LOW HITPOINT WARNING * * *
The hellion gestures at you.
The hellfire explodes!
The burst of hellfire engulfs you!
* * * LOW HITPOINT WARNING * * *
The reaper completely misses you.
The neqoxec gestures.
The Brimstone Fiend gestures at you.
The hellfire explodes!
The blast of hellfire engulfs you!
You die...

▓....§§.......
▓....5...........
▓......3.........
▓.1.21.15........
▓.^..&1#.2.....#.
▓▓▓▓▓▓2X.........
▓.2.........
▓...........
▓...@.......
▓▓▓▓▓▓▓▓▓▓▓▓


You could see Emess, a Hell Sentinel, a Brimstone Fiend, an Ice Fiend, a reaper,
a balrug, a large abomination, 2 hellions, a neqoxec and 2 iron imps.

Vanquished Creatures
  Cerebov (Pan)
  Antaeus (Coc:7)
  Asmodeus (Geh:7)
  the royal jelly (Slime:6)
  Ereshkigal (Tar:7)
  Gloorx Vloq (Pan)
  the Serpent of Hell (Coc:7)
  Mnoleg (Pan)
  Lom Lobon (Pan)
  Dispater (Dis:7)
  8 ancient liches
  Mara (Spider:3)
  Mennas (Pan)
  24 greater mummies
  Sojobo (Crypt:1)
  8 pandemonium lords
  14 shard shrikes
  Frederick (Vaults:3)
  4 caustic shrikes
  Geryon (Hell)
  Nikola (Shoals:2)
  7 golden dragons
  Jory (Vaults:3)
  12 bone dragons
  Arachne (Spider:3)
  33 Brimstone Fiends
  Jorgrun (Tomb:3)
  9 tentacled monstrosities
  Rupert (Lair:5)
  A hellephant (Zig:8)
  11 Hell Sentinels
  16 liches
  A moon troll (WizLab)
  33 Ice Fiends
  9 titans
  3 deep elf blademasters
  3 quicksilver dragons
  2 deep elf master archers
  16 acid blobs
  32 Shadow Fiends
  2 krakens
  Polyphemus (Shoals:2)
  10 sphinxes
  4 eldritch tentacles
  35 Executioners
  6 ancient champions
  18 tentacled starspawn
  10 shadow dragons
  Frances (D:13)
  6 storm dragons
  9 tengu reavers
  6 revenants
  9 fire giants
  2 draconian monks
  8 greater nagas
  Ilsuiw (Shoals:3)
  11 azure jellies
  10 frost giants
  Wiglaf (Spider:3)
  A frost giant (shapeshifter) (Vaults:5)
  Donald (Shoals:3)
  48 balrugs
  9 iron dragons
  17 deep elf sorcerers
  11 vault wardens
  3 draconian scorchers
  9 ghost moths
  Louise (Depths:5)
  7 warmongers
  4 caustic shrike zombies
  A draconian knight (Zig:4)
  3 curse skulls
  9 emperor scorpions
  4 angels
  22 cacodemons
  2 draconian shifters
  3 ghouls (Crypt:2)
  6 draconian annihilators
  20 war gargoyles
  17 ironheart preservers
  3 spriggan defenders
  56 reapers
  24 stone giants
  5 caustic shrike skeletons
  7 blood saints
  26 very ugly things
  11 corrupters
  7 salamander firebrands
  2 green draconians
  54 starcursed masses
  2 draconian callers (Zig:5)
  Nessos (D:14)
  6 bennus
  13 vampire knights
  22 lorocyprocas
  A salamander stormcaller (Vaults:4)
  13 deep elf demonologists
  9 chaos champions
  3 mottled draconians
  2 spectral titans (Tar:1)
  A yellow draconian (Depths:5)
  2 dire elephants
  5 eidola
  4 purple draconians
  4 black suns (Zig:19)
  A white draconian (Depths:5)
  13 deep elf annihilators
  7 ettins
  8 deep elf death magi
  5 crystal guardians
  Snorg (D:14)
  4 merfolk javelineers (Shoals:4)
  28 blizzard demons
  4 naga sharpshooters (Zig:17)
  The ghost of Rayvis the Jinx, a powerful FeEn of Dithmenos (Elf:1)
  26 mummy priests
  24 green deaths
  5 merfolk impalers
  A minotaur (shapeshifter) (Vaults:5)
  11 quicksilver dragon zombies
  21 great orbs of eyes
  6 fire dragons
  13 death oozes
  39 vault guards
  10 deep elf high priests
  A kraken zombie (Coc:6)
  19 yaktaur captains
  2 hydras (shapeshifter)
  A naga warrior (Depths:5)
  3 jiangshi (Crypt:2)
  14 hydras
  6 hell beasts
  9 entropy weavers
  7 quicksilver dragon skeletons
  20 ogre magi
  13 rakshasas
  6 merfolk avatars
  6 monstrous demonspawn (Pan)
  12 deep troll earth magi
  17 ice dragons
  2 alligator snapping turtles (Shoals:4)
  A catoblepas (shapeshifter) (Zig:15)
  8 spriggan air magi
  2 merfolk aquamancers (Shoals:4)
  2 satyrs
  21 dancing weapons
  4 anacondas
  17 deep troll shamans
  10 catoblepae
  6 tengu warriors
  9 death yaks
  9 centaur warriors
  28 thrashing horrors
  An orc high priest (Vaults:2)
  8 shock serpents
  10 titan zombies
  9 vampire magi
  24 hell hogs
  22 soul eaters
  5 storm dragon zombies
  23 deep elf knights
  2 iron golems (Hell)
  16 spriggan berserkers
  3 unseen horrors (shapeshifter)
  81 large abominations
  55 sun demons
  8 titan skeletons
  73 hell knights
  18 wretched stars
  11 infernal demonspawn
  7 iron trolls
  2 salamander mystics
  133 skeletal warriors
  26 small abominations
  31 ice devils
  8 sea snakes
  13 shadow wraiths
  7 golden dragon zombies
  4 spatial maelstroms
  70 death scarabs
  2 death drakes (Zig:11)
  A fire crab (shapeshifter) (Vaults:4)
  3 spriggan druids
  18 anaconda zombies
  3 fire crabs
  2 storm dragon skeletons (Coc:7)
  19 ironbrand convokers
  30 harpies
  A sea snake (shapeshifter) (Elf:2)
  8 unseen horrors
  11 giant orange brains
  21 shadow demons
  13 phantasmal warriors
  4 gelid demonspawn (Pan)
  51 deep trolls
  4 ghost moth zombies
  14 deep elf summoners
  11 putrid demonspawn (Pan)
  3 ice statues
  5 torturous demonspawn (Pan)
  20 deep elf conjurers
  28 orc knights
  A lindwurm (shapeshifter) (Vaults:3)
  8 shadow dragon zombies
  2 tengu zombies
  3 swamp dragons
  A mana viper (Abyss:5)
  12 flayed ghosts
  8 anaconda skeletons
  2 lindwurms (Depths:5)
  An anubis guard (shapeshifter) (Abyss:5)
  19 griffons
  An orb spider (shapeshifter) (D:15)
  9 golden dragon skeletons
  23 anubis guards
  24 necromancers
  2 shambling mangroves
  4 hill giants
  A sphinx zombie (Zig:9)
  6 wolf spider zombies
  2 hornets (shapeshifter)
  4 iron dragon zombies
  18 orb spiders
  10 shadow dragon skeletons
  8 salamanders
  7 wizards
  7 frost giant zombies
  A worldbinder (Abyss:5)
  10 oklob plants
  2 tengu skeletons
  4 orc sorcerers
  5 shining eyes
  11 manticores
  9 fire giant zombies
  5 moths of wrath
  10 fauns
  4 sphinx skeletons (Depths:3)
  11 water nymphs
  12 hornets
  100 slime creatures
  2 cyclopes (shapeshifter)
  57 ugly things
  An elephant (shapeshifter) (Vaults:4)
  6 guardian serpents
  6 frost giant skeletons
  4 stone giant zombies
  29 sixfirhies
  41 wolf spiders
  5 cyclopes
  9 iron dragon skeletons
  40 rust devils
  A guardian serpent (shapeshifter) (Elf:2)
  6 stone giant skeletons
  12 eyes of devastation
  A shock serpent zombie (Dis:7)
  25 elephants
  4 dire elephant zombies
  2 orange crystal statues
  14 fire giant skeletons
  3 apocalypse crabs (Abyss:5)
  45 smoke demons
  23 black mambas
  12 vault sentinels
  10 sirens
  4 gargoyles
  30 orange demons
  3 torpor snails
  5 elf skeletons
  A spiny frog (shapeshifter) (Vaults:1)
  14 spiny frogs
  7 molten gargoyles (Geh:7)
  5 dire elephant skeletons
  5 spriggan skeletons
  2 emperor scorpion zombies
  An elephant slug zombie (Crypt:1)
  49 tormentors
  A naga mage (Depths:5)
  A redback zombie (D:15)
  9 komodo dragons
  25 yaktaurs
  4 tengu conjurers
  35 hellions
  4 kobold demonologists
  2 komodo dragons (shapeshifter)
  7 fire drakes
  16 deep elf priests
  A catoblepas skeleton (Tar:7)
  A red draconian skeleton (Crypt:1)
  30 freezing wraiths
  16 hydra zombies
  20 demonic crawlers
  50 guardian mummies
  38 red devils
  2 harpy zombies (Geh:7)
  10 ancient zymes (Abyss:5)
  41 hellwings
  4 silent spectres
  16 efreet
  35 jumping spiders
  9 trolls
  25 merfolk
  2 bog bodies
  36 raiju
  A ghost moth simulacrum (Coc:7)
  2 hornet zombies
  A giant leech (Zig:12)
  20 ushabtiu
  A queen bee (D:8)
  A troll (shapeshifter) (Depths:5)
  4 spriggan zombies
  7 hydra skeletons
  A minotaur skeleton (Geh:7)
  5 harpy skeletons
  A slime creature (shapeshifter) (Abyss:5)
  13 ice dragon zombies
  25 blue devils
  A frost giant simulacrum (Vaults:3)
  8 ettin zombies
  34 blink frogs
  24 two-headed ogres
  19 air elementals
  3 alligator zombies
  14 snapping turtles
  A stone giant simulacrum (Depths:2)
  4 wind drakes
  10 fire dragon zombies
  7 boulder beetles
  6 ettin skeletons
  41 tarantellas
  19 water elementals
  An alligator skeleton (Coc:4)
  14 fire elementals
  180 flying skulls
  2 wyverns
  7 ice dragon skeletons
  6 spriggans (Depths:5)
  A hill giant zombie (Crypt:2)
  80 redbacks
  4 fire bats
  3 fire dragon skeletons
  19 vampires
  40 shadows
  21 trapdoor spiders
  70 yaks
  7 golden eyes
  A golden eye (shapeshifter) (Elf:2)
  36 deep elf fighters
  2 tarantellas (shapeshifter)
  18 vampire mosquitoes
  2 black mamba zombies
  46 ynoxinuls
  5 hungry ghosts
  4 basilisks
  44 deep elf magi
  37 wraiths
  15 wargs
  2 steam dragons
  2 mottled dragons
  A spriggan simulacrum (Depths:2)
  11 wolves
  14 chaos spawn
  46 neqoxecs
  14 spatial vortices
  A black mamba skeleton (Geh:7)
  A hog (shapeshifter) (Zig:15)
  23 hippogriffs
  3 hydra simulacra
  14 water moccasins
  A harpy simulacrum (Hell)
  A merfolk zombie (Dis:3)
  A soldier ant (D:15)
  An insubstantial wisp (Zig:12)
  A soldier ant (shapeshifter) (Depths:4)
  15 nagas
  23 porcupines
  A gelid demonspawn skeleton (Coc:7)
  13 spiny frog zombies
  65 hell hounds
  3 spiny frog skeletons
  4 swamp drakes
  3 sky beasts
  33 necrophages
  60 orc warriors
  An infernal demonspawn skeleton (Crypt:1)
  A black bear (D:12)
  15 eyes of draining
  A sky beast (shapeshifter) (D:15)
  17 ice beasts
  16 spiders
  4 snapping turtle zombies
  3 swamp dragon zombies
  A tengu (shapeshifter) (Abyss:5)
  10 wasps
  7 boggarts
  An alligator simulacrum (Coc:7)
  An ettin simulacrum (Abyss:5)
  6 phantoms
  2 manticore skeletons
  A boggart (shapeshifter) (Abyss:5)
  54 ogres
  21 giant frogs
  2 snapping turtle skeletons
  4 brain worms
  A brain worm (shapeshifter) (Depths:4)
  15 centaurs
  21 crocodiles
  3 elf zombies
  2 earth elementals
  7 big kobolds
  2 wyvern zombies
  Dowan (D:6)
  A water moccasin zombie (D:10)
  A spiny frog simulacrum (Hell)
  2 wyvern skeletons
  27 killer bees
  A scorpion (D:4)
  39 jellies
  6 electric eels
  A snapping turtle simulacrum (Coc:4)
  2 wolf zombies (Crypt:2)
  A troll skeleton (Geh:7)
  A wasp zombie (Crypt:2)
  2 giant frog zombies
  49 wights
  28 crimson imps
  5 centaur zombies
  53 orc wizards
  32 orc priests
  3 human zombies
  16 iguanas
  19 iron imps
  2 quasits
  4 centaur skeletons
  2 giant frog skeletons
  4 hounds
  2 human skeletons
  A lightning spire (Zig:11)
  8 worker ants
  A naga zombie (Dis:2)
  A porcupine skeleton (Crypt:2)
  A crocodile zombie (Crypt:2)
  A demigod zombie (Crypt:1)
  A sky beast zombie (Crypt:2)
  32 sheep
  A human simulacrum (Coc:7)
  2 ogre skeletons
  A naga skeleton (Hell)
  A hound zombie (D:8)
  59 mummies
  A worker ant zombie (D:3)
  8 gnolls
  11 adders
  53 river rats
  10 shadow imps
  A giant eyeball (Zig:13)
  14 white imps
  A halfling skeleton (Crypt:2)
  2 oozes (D:5)
  5 adder skeletons
  An iguana zombie (Crypt:1)
  4 worms
  6 giant geckos
  283 orcs
  10 bats
  5 giant cockroaches
  26 goblins
  17 hobgoblins
  5 jackals
  41 kobolds
  5 quokkas
  3 ball pythons
  A giant gecko skeleton (D:5)
  6 giant newts
  A jackal zombie (D:5)
  2 kobold skeletons
  A kobold zombie (Tar:1)
  15 rats
  3 crawling corpses (Zig:15)
  9 fire vortices
  4 fungi
  A lost soul (Hell)
  A lurking horror (Abyss:5)
  14 plants
  3 starspawn tentacles (Abyss:5)
  A starspawn tentacle segment (Abyss:5)
  9 tentacles
  A tentacle segment (Shoals:4)
6125 creatures vanquished.

Vanquished Creatures (collateral kills)
  A greater mummy (Tomb:1)
  A golden dragon (Zig:11)
  A lich (Depths:1)
  2 Ice Fiends
  2 tentacled monstrosities (Vaults:5)
  A deep elf blademaster (Zig:15)
  An acid blob (Zig:18)
  2 Shadow Fiends
  A pandemonium lord (Pan)
  3 octopode crushers (Depths:2)
  A thorn hunter (Zig:12)
  An Executioner (Zig:16)
  2 shadow dragons (Depths:5)
  A sphinx (Depths:4)
  3 storm dragons
  A tengu reaver (Depths:1)
  A blood saint (Zig:16)
  4 fire giants
  A large abomination (Zig:15)
  8 greater nagas (Zig:17)
  7 frost giants
  9 vault wardens
  A caustic shrike zombie (Zig:14)
  A deep elf sorcerer (Vaults:5)
  A balrug (Zig:16)
  An iron dragon (Vaults:5)
  A warmonger (Pan)
  5 reapers
  2 war gargoyles (Vaults:5)
  2 ironheart preservers
  3 very ugly things
  4 vampire knights
  A salamander firebrand (Geh:4)
  8 stone giants
  2 chaos champions
  Azrael (Orc:4)
  2 deep elf annihilators
  5 ettins
  3 merfolk javelineers
  3 vault guards
  A green death (Pan)
  A mummy priest (Tomb:3)
  4 merfolk impalers
  3 quicksilver dragon zombies
  4 blizzard demons
  A fire dragon (Depths:3)
  A deep elf high priest (Zig:15)
  2 entropy weavers
  3 rakshasas
  A naga warrior (Zig:17)
  2 yaktaur captains
  2 ice dragons
  A ghost crab (Zig:12)
  A spriggan air mage (Depths:5)
  2 great orbs of eyes (Zig:18)
  2 merfolk aquamancers
  5 ogre magi
  An anaconda (Zig:17)
  A deep troll shaman (Depths:3)
  A centaur warrior (Depths:1)
  A merfolk avatar (Shoals:3)
  4 tengu warriors
  A naga sharpshooter (Zig:17)
  A spriggan berserker (Depths:2)
  A shock serpent (Zig:17)
  2 storm dragon zombies
  13 hell knights
  A sun demon (Pan)
  6 skeletal warriors
  A death drake (Zig:11)
  3 deep elf knights
  2 gelid demonspawn (Pan)
  A giant orange brain (Zig:18)
  4 swamp dragons (Zig:11)
  A storm dragon skeleton (Depths:3)
  An ice devil (Coc:7)
  8 deep trolls
  4 hill giants
  An ironbrand convoker (Vaults:5)
  3 deep elf summoners
  A golden dragon skeleton (Depths:3)
  2 phantasmal warriors (Vaults:5)
  2 torturous demonspawn
  A necromancer (Geh:2)
  7 orc knights
  A putrid demonspawn (Pan)
  9 ugly things
  2 orb spiders
  A mana viper (Zig:17)
  An orc sorcerer (Elf:1)
  A tengu skeleton (Depths:3)
  A frost giant zombie (Zig:14)
  4 wolf spiders
  2 oklob plants (Elf:1)
  A salamander (Depths:3)
  A salamander (shapeshifter) (Vaults:5)
  4 sirens
  A fire giant skeleton (Depths:3)
  3 black mambas (Zig:17)
  5 vault sentinels
  A dire elephant zombie (Coc:7)
  3 naga magi (Zig:17)
  4 smoke demons
  2 guardian serpents (Zig:17)
  A fire drake (Zig:11)
  10 yaktaurs
  2 demonic crawlers
  A gargoyle (D:14)
  15 red devils
  4 deep elf priests
  16 merfolk
  2 freezing wraiths
  5 jumping spiders
  3 blue devils
  15 two-headed ogres
  A snapping turtle (Shoals:1)
  9 slime creatures
  A bog body (Zig:12)
  A boulder beetle (Vaults:5)
  2 redbacks
  A flying skull (Coc:4)
  2 tarantellas (Zig:10)
  A trapdoor spider (Spider:4)
  9 deep elf magi
  2 small abominations (Depths:4)
  4 water elementals (Depths:2)
  A spriggan (Depths:5)
  8 deep elf fighters
  Eustachio (D:6)
  A hungry ghost (D:13)
  A fire elemental (Orc:4)
  2 steam dragons (Zig:11)
  A mottled dragon (Zig:11)
  Edmund (D:6)
  4 nagas
  A warg (Orc:4)
  Duvessa (D:6)
  3 swamp drakes
  24 orc warriors
  3 wasps
  31 ogres
  A spider (Zig:10)
  A swamp dragon skeleton (Coc:7)
  A centaur (D:13)
  2 crocodiles (D:10)
  A big kobold (D:5)
  6 wights
  4 orc priests
  5 orc wizards
  A jelly (Zig:18)
  Ijyb (D:3)
  Terence (D:3)
  4 gnolls
  A white imp (Zig:9)
  50 orcs
  9 hobgoblins (D:5)
  A jackal (D:4)
  6 goblins (D:5)
  An orc skeleton (Hell)
  8 crawling corpses
  A tentacle (Coc:6)
553 creatures vanquished.

Vanquished Creatures (others)
  A pandemonium lord (Pan)
  A lich (Depths:4)
  3 deep elf master archers
  A sphinx (Tomb:1)
  21 eldritch tentacles
  A tengu reaver (Crypt:1)
  A deep elf sorcerer (Depths:3)
  A balrug (Pan)
  4 elemental wellsprings
  A stone giant (Depths:1)
  A salamander stormcaller (Vaults:2)
  2 merfolk javelineers
  A mummy priest (Tomb:3)
  An ice dragon (Coc:7)
  A caustic shrike simulacrum (Depths:2)
  2 yaktaur captains
  A spriggan air mage (Depths:5)
  2 ogre magi
  An alligator (Zig:12)
  A tengu warrior (Depths:2)
  A titan zombie (Geh:7)
  A deep elf knight (Zig:15)
  A spriggan (Zig:12)
  An unseen horror (D:13)
  2 titan skeletons
  11 ball lightnings (Pan)
  7 death scarabs
  An anaconda zombie (Tomb:3)
  A deep elf summoner (Zig:15)
  A wolf spider (Zig:9)
  2 harpies (Shoals:2)
  A frost giant zombie (Zig:7)
  A guardian serpent (Zig:17)
  An orange demon (Zig:16)
  A spiny frog (Zig:12)
  A shock serpent skeleton (Geh:7)
  A hellwing (Pan)
  10 yaktaurs
  A deep elf priest (Vaults:4)
  A jumping spider (Spider:2)
  2 guardian mummies
  4 merfolk
  A harpy zombie (Coc:7)
  A giant leech (Zig:12)
  A red devil (Geh:4)
  A slime creature (Zig:12)
  A two-headed ogre (Depths:2)
  39 dancing weapons
  A ynoxinul (Pan)
  2 deep elf fighters (Elf:3)
  A tarantella (Zig:10)
  A deep elf mage (Zig:15)
  A spatial vortex (Elf:3)
  A wraith (Geh:7)
  2 wasps (Zig:12)
  A giant frog (D:8)
  An elf skeleton (Geh:4)
  2 wights (Geh:1)
  2 small abominations
  An iron imp (Dis:7)
  A human skeleton (Geh:7)
  A worker ant (D:13)
  2 mummies
  2 white imps
  4 orcs
  A ball python (Depths:5)
  A kobold (Vaults:1)
  13 bushes (Abyss:5)
  1433 eldritch tentacle segments
  29 fire vortices
  73 fungi
  16 lost souls
  3 lurking horrors (Abyss:5)
  60 plants
  10 spectral weapons
  37 starspawn tentacles
  501 starspawn tentacle segments
  17 tentacles
  537 tentacle segments
2902 creatures vanquished.

Grand Total: 9580 creatures vanquished

Notes
Turn   | Place    | Note
--------------------------------------------------------------
     0 | D:1      | Multipenetrator the Naga Enchanter began the quest for the Orb.
     0 | D:1      | Reached XP level 1. HP: 15/15 MP: 3/3
   242 | D:1      | Reached XP level 2. HP: 22/22 MP: 5/5
   776 | D:2      | Reached XP level 3. HP: 25/28 MP: 3/6
   797 | D:2      | Found a deep blue altar of Sif Muna.
  1236 | D:3      | Reached XP level 4. HP: 36/36 MP: 7/7
  1241 | D:3      | Learned a level 3 spell: Tukima's Dance
  1245 | D:3      | Learned a level 3 spell: Confuse
  1499 | D:3      | Found an opulent altar of Gozag.
  1565 | D:3      | Found a glowing golden altar of the Shining One.
  1597 | D:3      | Noticed Terence
  1621 | D:3      | Killed Terence
  1884 | D:3      | Reached skill level 1 in Fighting
  1989 | D:3      | Upgraded the game from 0.17-a0-1642-gd4b747b to 0.17-a0-1646-geb1493d
  1997 | D:3      | Noticed Ijyb
  2020 | D:3      | Killed Ijyb
  2020 | D:3      | Reached XP level 5. HP: 44/44 MP: 5/9
  2137 | D:4      | Reached skill level 5 in Stealth
  2461 | D:4      | Reached XP level 6. HP: 46/51 MP: 3/10
  2639 | D:4      | Noticed an ogre
  2650 | D:4      | Killed an ogre
  2701 | D:4      | Found a staircase to the Ecumenical Temple.
  2730 | Temple   | Entered the Ecumenical Temple
  2904 | D:4      | Found a blossoming altar of Fedhas.
  2950 | D:4      | Noticed a phantom
  2990 | D:4      | Killed a phantom
  3003 | D:4      | Reached skill level 5 in Hexes
  3004 | D:4      | Found a burning altar of Makhleb.
  3004 | D:4      | Noticed a blizzard demon
  3162 | D:4      | Reached XP level 7. HP: 55/57 MP: 12/12
  3240 | D:5      | Entered Level 5 of the Dungeon
  3284 | D:5      | Reached skill level 6 in Stealth
  3288 | D:5      | Found Aruepodgh's Distillery.
  3300 | D:5      | Bought a potion of heal wounds for 65 gold pieces
  3300 | D:5      | Bought a potion of might for 52 gold pieces
  3586 | D:5      | Found a bloodstained altar of Trog.
  3831 | D:5      | Found a snail-covered altar of Cheibriados.
  3834 | D:5      | Became a worshipper of Cheibriados the Contemplative
  3945 | D:5      | Found a sparkling altar of Nemelex Xobeh.
  3945 | D:5      | Found a white marble altar of Elyvilon.
  3954 | D:5      | Reached XP level 8. HP: 34/64 MP: 14/14
  4287 | D:5      | Found a shattered altar of Ashenzari.
  4327 | D:5      | Reached skill level 7 in Stealth
  4535 | D:5      | Acquired Cheibriados's first power
  4855 | D:5      | Acquired Cheibriados's second power
  5101 | D:6      | Noticed Duvessa
  5101 | D:6      | Noticed Dowan
  5119 | D:6      | Killed Duvessa
  5120 | D:6      | Killed Dowan
  5327 | D:6      | Noticed Eustachio
  5334 | D:6      | Killed Eustachio
  5334 | D:6      | Reached skill level 5 in Spellcasting
  5395 | D:6      | Found a sacrificial altar of Ru.
  5406 | D:6      | Noticed Edmund
  5413 | D:6      | Killed Edmund
  5694 | D:6      | Acquired Cheibriados's third power
  5799 | D:6      | Reached skill level 8 in Stealth
  5799 | D:6      | Reached XP level 9. HP: 75/75 MP: 17/17
  6120 | D:7      | Reached skill level 1 in Shields
  6238 | D:7      | Learned a level 3 spell: Dazzling Spray
  6501 | D:7      | Learned a level 4 spell: Cause Fear
  6504 | D:7      | Learned a level 2 spell: Slow
  6625 | D:7      | Acquired Cheibriados's fourth power
  6781 | D:7      | Found an ancient bone altar of Kikubaaqudgha.
  7272 | D:8      | Reached skill level 9 in Stealth
  7504 | D:8      | Reached skill level 5 in Dodging
  7527 | D:8      | Reached XP level 10. HP: 18/87 MP: 19/19
  7713 | D:8      | Reached skill level 10 in Stealth
  8271 | D:8      | Reached skill level 5 in Fighting
  8389 | D:9      | Found a basalt altar of Yredelemnul.
  8804 | D:9      | Found Liliskol's Antique Armour Emporium.
  8814 | D:9      | Bought a pair of spiked gloves for 285 gold pieces
  8819 | D:9      | Identified the +1 pair of gloves of the Pits of Slime {rC+ Str+3 Dex+6} (You bought it in a shop on level 9 of the Dungeon)
  8948 | D:9      | Reached skill level 11 in Stealth
  9015 | D:10     | Entered Level 10 of the Dungeon
  9125 | D:10     | Noticed karlkraus's ghost (powerful MiFi)
  9155 | D:10     | Learned a level 5 spell: Bolt of Draining
  9232 | D:10     | Reached skill level 1 in Conjurations
  9291 | D:10     | Reached skill level 1 in Necromancy
  9291 | D:10     | Reached XP level 11. HP: 53/96 MP: 21/21
  9424 | D:10     | Found a staircase to the Lair.
 10795 | D:11     | Noticed an unseen horror
 10801 | D:11     | Killed an unseen horror
 10823 | D:11     | Reached skill level 1 in Long Blades
 10896 | D:11     | Noticed a hill giant
 10901 | D:11     | Killed a hill giant
 11193 | D:12     | Noticed a hill giant
 11279 | D:12     | Noticed a four-headed hydra
 11279 | D:12     | Killed a hill giant
 11279 | D:12     | Reached XP level 12. HP: 105/105 MP: 23/23
 11283 | D:12     | Killed a four-headed hydra
 11627 | D:12     | Found a staircase to the Orcish Mines.
 12014 | D:12     | Reached skill level 12 in Stealth
 12185 | D:13     | Noticed Frances
 12240 | D:13     | Killed Frances
 12240 | D:13     | Reached skill level 5 in Conjurations
 12240 | D:13     | Reached skill level 5 in Necromancy
 12275 | D:13     | Noticed a centaur warrior
 12278 | D:13     | Killed a centaur warrior
 12306 | D:13     | Got a translucent ring mail
 12317 | D:13     | Identified the +2 ring mail of Disaster {rN+ MR+ rCorr Int-5} (You found it on level 13 of the Dungeon)
 12384 | D:13     | Reached skill level 1 in Invocations
 12395 | D:13     | Got a transparent robe
 12406 | D:13     | Identified the +1 robe of Ario {rC+++ Str+4 Int-4 Slay+2} (You found it on level 13 of the Dungeon)
 12435 | D:13     | Found a gate to the Vaults.
 12435 | D:13     | Noticed a vault guard
 12435 | D:13     | Noticed a vault guard
 12435 | D:13     | Noticed a vault guard
 12438 | D:13     | Noticed a vault guard
 12438 | D:13     | Noticed a vault guard
 12439 | D:13     | Noticed a vault guard
 12439 | D:13     | Noticed a vault guard
 12439 | D:13     | Noticed a vault guard
 12451 | D:13     | Killed a vault guard
 12455 | D:13     | Killed a vault guard
 12475 | D:13     | Killed a vault guard
 12484 | D:13     | Noticed a centaur warrior
 12492 | D:13     | Killed a vault guard
 12492 | D:13     | Gained mutation: You can use your snake-like lower body to constrict enemies. [Naga growth]
 12492 | D:13     | Reached XP level 13. HP: 62/111 MP: 2/25
 12494 | D:13     | Killed a vault guard
 12501 | D:13     | Killed a centaur warrior
 12501 | D:13     | Reached skill level 13 in Stealth
 12505 | D:13     | Killed a vault guard
 12511 | D:13     | Killed a vault guard
 12703 | D:13     | Noticed a centaur warrior
 12707 | D:13     | Noticed a tengu warrior
 12712 | D:13     | Killed a tengu warrior
 12714 | D:13     | Noticed a tengu warrior
 12714 | D:13     | Killed a centaur warrior
 12714 | D:13     | Reached skill level 1 in Evocations
 12720 | D:13     | Killed a vault guard
 12729 | D:13     | Killed a tengu warrior
 13354 | D:14     | Noticed Nessos
 13358 | D:14     | Killed Nessos
 13505 | D:14     | Noticed Snorg
 13513 | D:14     | Killed Snorg
 14011 | D:15     | Entered Level 15 of the Dungeon
 14055 | D:15     | Reached XP level 14. HP: 123/123 MP: 27/27
 14194 | D:15     | Reached skill level 5 in Shields
 14287 | D:15     | Reached skill level 14 in Stealth
 14381 | D:15     | Gained mutation: Your tail ends in a poisonous barb. [mutagenic meat]
 14382 | D:15     | Gained mutation: You are frail (-10% HP). [mutagenic meat]
 14383 | D:15     | Lost mutation: Your tail ends in a poisonous barb. [potion of cure mutation]
 14383 | D:15     | Lost mutation: You are frail (-10% HP). [potion of cure mutation]
 14447 | D:15     | Gained mutation: You are resistant to electric shocks. [mutagenic meat]
 14563 | D:15     | Found a white marble altar of Elyvilon.
 14745 | D:15     | Found a staircase to the Depths.
 15328 | Orc:1    | Entered Level 1 of the Orcish Mines
 15513 | Orc:2    | Found a roughly hewn altar of Beogh.
 16341 | Orc:3    | Found Gikozaf's Antique Armour Shoppe.
 16363 | Orc:3    | Bought a glowing helmet for 139 gold pieces
 16611 | Orc:3    | Reached skill level 5 in Long Blades
 16807 | Orc:3    | Found a staircase to the Elven Halls.
 17168 | Orc:4    | Entered Level 4 of the Orcish Mines
 17339 | Orc:4    | Noticed Azrael
 17384 | Orc:4    | Reached skill level 10 in Spellcasting
 17384 | Orc:4    | HP: 4/123 [Azrael/blast of hellfire (36)]
 17728 | Orc:4    | Killed Azrael
 17728 | Orc:4    | Reached XP level 15. HP: 123/129 MP: 28/29
 17848 | Orc:4    | Found Ulum's Gadget Emporium.
 17848 | Orc:4    | Found Gusku's Book Boutique.
 17895 | Orc:4    | Found a roughly hewn altar of Beogh.
 17917 | Orc:4    | Reached skill level 5 in Invocations
 17938 | Orc:4    | Found Xuemm's Weapon Emporium.
 17938 | Orc:4    | Found Sianad's Assorted Antiques.
 18023 | Orc:4    | Bought a glass wand for 144 gold pieces
 18023 | Orc:4    | Bought a sparkling glass ring for 180 gold pieces
 18023 | Orc:4    | Bought a vibrating golden ring for 180 gold pieces
 18024 | Orc:4    | Identified the ring "Lynguino" {+Fly rC+ rN++ Str+3} (You bought it in a shop on level 4 of the Orcish Mines)
 18026 | Orc:4    | Identified the ring of Awe {+Inv rElec MR+ Int+4 Slay+3} (You bought it in a shop on level 4 of the Orcish Mines)
 18186 | Orc:4    | Bought a book of Spatial Translocations for 1105 gold pieces
 18191 | Orc:4    | Learned a level 4 spell: Passage of Golubria
 18194 | Orc:4    | Learned a level 2 spell: Blink
 18595 | Lair:1   | Entered Level 1 of the Lair of Beasts
 18619 | D:10     | Learned a level 5 spell: Agony
 18798 | Lair:1   | Got a warped dagger
 18811 | Lair:1   | Identified the +7 dagger of the Ass {freeze, *Rage rElec rF+ Int+6} (You found it on level 1 of the Lair of Beasts)
 19531 | Lair:2   | Reached skill level 1 in Translocations
 19714 | Lair:2   | Got a transparent leather armour
 19725 | Lair:2   | Identified the cursed +0 leather armour of the Ancient Wars {rElec Regen+ Int-5} (You found it on level 2 of the Lair of Beasts)
 21079 | Lair:4   | Found a hole to the Spider Nest.
 21196 | Lair:4   | Found a staircase to the Shoals.
 21691 | Lair:5   | Reached skill level 10 in Necromancy
 22027 | Lair:5   | Noticed Rupert
 22029 | Lair:5   | Got a fine flail
 22034 | Lair:5   | Killed Rupert
 22090 | Lair:5   | Identified the +9 flail "Raobeur" {crush, rElec Str+2} (You found it on level 5 of the Lair of Beasts)
 22579 | Lair:6   | Reached XP level 16. HP: 139/139 MP: 22/30
 23686 | Lair:7   | Found a staircase to the Slime Pits.
 24174 | Lair:7   | Reached skill level 15 in Stealth
 24448 | Lair:8   | Entered Level 8 of the Lair of Beasts
 24817 | Lair:8   | Reached skill level 1 in Armour
 25445 | Lair:8   | Reached skill level 10 in Conjurations
 25645 | Spider:1 | Entered Level 1 of the Spider Nest
 26629 | Spider:2 | Reached XP level 17. HP: 146/146 MP: 29/32
 27308 | Spider:2 | Learned a level 6 spell: Iron Shot
 27772 | Spider:3 | Noticed Wiglaf
 27889 | Spider:3 | Killed Wiglaf
 28161 | Spider:3 | Noticed Mara
 28161 | Spider:3 | Noticed Arachne
 28164 | Spider:3 | Killed Arachne
 28167 | Spider:3 | Noticed Multipenetrator's illusion
 28171 | Spider:3 | Noticed Multipenetrator's illusion
 28185 | Spider:3 | Killed Mara
 28702 | Spider:3 | Reached skill level 10 in Dodging
 28745 | Spider:3 | Killed Mara
 29203 | Spider:4 | Entered Level 4 of the Spider Nest
 29205 | Spider:4 | Reached XP level 18. HP: 158/158 MP: 33/33
 29336 | Spider:4 | Gained mutation: You are dopey. (Int -2) [mutagenic meat]
 29337 | Spider:4 | Gained mutation: You have a pair of small antennae on your head. [mutagenic meat]
 29338 | Spider:4 | Gained mutation: Your magical capacity is low (-10% MP). [mutagenic meat]
 29340 | Spider:4 | Gained mutation: You are weak. (Str -2) [mutagenic meat]
 29341 | Spider:4 | Lost mutation: You are resistant to electric shocks. [potion of cure mutation]
 29341 | Spider:4 | Lost mutation: You are dopey. (Int -2) [potion of cure mutation]
 29341 | Spider:4 | Lost mutation: Your magical capacity is low (-10% MP). [potion of cure mutation]
 29342 | Spider:4 | Lost mutation: You are weak. (Str -2) [potion of cure mutation]
 29342 | Spider:4 | Lost mutation: You have a pair of small antennae on your head. [potion of cure mutation]
 29643 | Spider:4 | Reached skill level 5 in Evocations
 30024 | Spider:4 | Reached skill level 5 in Short Blades
 30364 | Spider:4 | Got a gossamer rune of Zot
 30554 | Shoals:1 | Entered Level 1 of the Shoals
 30831 | Shoals:1 | Found a shattered altar of Ashenzari.
 30927 | Shoals:1 | Reached skill level 10 in Fighting
 31214 | Shoals:2 | Reached skill level 16 in Stealth
 31448 | Shoals:2 | Noticed Nikola
 31465 | Shoals:2 | Killed Nikola
 31470 | Shoals:2 | Noticed Polyphemus
 31485 | Shoals:2 | Killed Polyphemus
 31485 | Shoals:2 | Reached XP level 19. HP: 92/168 MP: 0/34
 31924 | Shoals:3 | Got a brightly glowing war axe
 31925 | Shoals:3 | Identified the cursed +1 war axe of Action {chop, Dex+6 Stlth+} (You found it on level 3 of the Shoals)
 32270 | Shoals:3 | Noticed Ilsuiw
 32292 | Shoals:3 | Killed Ilsuiw
 32395 | Shoals:3 | Noticed Donald
 32413 | Shoals:3 | Killed Donald
 32599 | Shoals:4 | Entered Level 4 of the Shoals
 32658 | Shoals:4 | Got a bloodstained short sword
 32659 | Shoals:4 | Identified the +5 short sword of Popular Demand {freeze, Dex+3} (You found it on level 4 of the Shoals)
 32733 | Shoals:4 | Got a barnacled rune of Zot
 32837 | Shoals:4 | Got a distressingly furry leather armour
 32861 | Shoals:4 | Identified the +1 leather armour of Lonoj {Str+2} (You found it on level 4 of the Shoals)
 32923 | Shoals:4 | Found Faaptal's Assorted Antiques.
 32946 | Shoals:4 | Bought a potion of heal wounds for 110 gold pieces
 33051 | Shoals:4 | Found Kusy's Antique Armour Shop.
 33168 | Shoals:4 | Found Sesoyri's Antique Weapon Shoppe.
 33174 | Shoals:4 | Bought a heavy robe for 176 gold pieces
 33192 | Shoals:4 | Identified the +1 robe of the Morning Star {MR++} (You bought it in a shop on level 4 of the Shoals)
 33234 | Shoals:4 | Found Imuesk's Antique Weapon Shop.
 33319 | Shoals:4 | Found Nidwij's Antique Armour Boutique.
 34044 | Elf:1    | Entered Level 1 of the Elven Halls
 34394 | Elf:1    | Reached XP level 20. HP: 181/181 MP: 30/36
 34415 | Elf:1    | Noticed Rayvis's ghost (powerful FeEn)
 34434 | Elf:1    | Killed Rayvis's ghost
 34490 | Elf:1    | Found a deep blue altar of Sif Muna.
 35395 | Elf:2    | Found Maiheag's Gadget Shoppe.
 35400 | Elf:2    | Found Xetucorgh's Assorted Antiques.
 35407 | Elf:2    | Found Afranam's Book Shop.
 35415 | Elf:2    | Found a magical portal.
 35438 | WizLab   | Entered Lehudib's Moon Base
 35552 | WizLab   | Reached skill level 17 in Stealth
 35854 | WizLab   | Gained mutation: Your flesh is cold resistant. [a cacodemon]
 36471 | WizLab   | Got a shimmering whip
 36716 | Elf:2    | Identified the cursed +1 whip of Heqivoka {drain, rF+ MR++ Str+7} (You found it in a wizard's laboratory)
 36733 | Elf:2    | Learned a level 7 spell: Controlled Blink
 36752 | Elf:2    | Bought a steaming short sword for 272 gold pieces
 36753 | Elf:2    | Identified the +6 short sword "Upriclee" {pierce, +Rage} (You bought it in a shop on level 2 of the Elven Halls)
 37143 | Elf:2    | Found a runed gate.
 37143 | Elf:2    | Found a runed gate.
 37160 | Elf:2    | Found a runed gate.
 37218 | Elf:2    | Reached skill level 1 in Maces & Flails
 37223 | Elf:2    | Reached skill level 10 in Evocations
 37331 | Elf:2    | Gained mutation: You are partially covered in rough black scales (AC +4, Dex -1). [potion of mutation]
 37331 | Elf:2    | Gained mutation: Your magical capacity is low (-10% MP). [potion of mutation]
 37331 | Elf:2    | Gained mutation: Your spells are a little easier to cast, but a little less powerful. [potion of mutation]
 37332 | Elf:2    | Lost mutation: Your spells are a little easier to cast, but a little less powerful. [potion of cure mutation]
 37332 | Elf:2    | Lost mutation: Your magical capacity is low (-10% MP). [potion of cure mutation]
 37332 | Elf:2    | Lost mutation: You are partially covered in rough black scales (AC +4, Dex -1). [potion of cure mutation]
 37332 | Elf:2    | Lost mutation: Your flesh is cold resistant. [potion of cure mutation]
 37512 | Elf:3    | Entered Level 3 of the Elven Halls
 37530 | Elf:3    | Reached XP level 21. HP: 190/190 MP: 38/38
 37613 | Elf:3    | Found a portal to a secret trove of treasure.
 37707 | Elf:3    | Found a flickering gateway to a bazaar.
 37713 | Bazaar   | Entered a bazaar
 37717 | Bazaar   | Found Ecyfe's Armour Boutique.
 37735 | Bazaar   | Found Xuranamyp's Antique Armour Emporium.
 37752 | Bazaar   | Found Erieh's General Store.
 37769 | Bazaar   | Found Xofuajarr's Book Shoppe.
 37793 | Bazaar   | Bought a +0 shield of protection for 138 gold pieces
 37834 | Bazaar   | Bought a potion of beneficial mutation for 350 gold pieces
 37834 | Bazaar   | Gained mutation: Your tail ends in a poisonous barb. [potion of beneficial mutation]
 38403 | Elf:3    | Reached skill level 18 in Stealth
 38839 | Elf:3    | Got a fine amber ring
 39040 | Elf:3    | Identified Egosh's Papyrus of Stolen Souls
 39116 | Elf:3    | Identified Advanced Rites and Rhymes
 39185 | Elf:3    | Identified the ring "Ucysew" {rElec rPois rN+} (You took it off a deep elf sorcerer on level 3 of the Elven Halls)
 39475 | Elf:3    | Gained mutation: You have a pair of small horns on your head. [potion of beneficial mutation]
 40306 | D:10     | Learned a level 6 spell: Death Channel
 40558 | Depths:1 | Entered Level 1 of the Depths
 40784 | Depths:1 | Reached XP level 22. HP: 201/201 MP: 33/40
 40894 | Depths:1 | Found a one-way gate to the infinite horrors of the Abyss.
 40972 | Depths:1 | Drew Focus: Dex increased to 18, Str decreased to 13
 41248 | Depths:1 | Found a gateway to Hell.
 41527 | Depths:1 | Reached skill level 5 in Translocations
 41702 | Hell     | Entered the Vestibule of Hell
 41702 | Hell     | Noticed Geryon
 41759 | Hell     | Killed Geryon
 41919 | Hell     | Found a gateway to the Iron City of Dis.
 42031 | Hell     | Reached skill level 15 in Spellcasting
 42160 | Depths:2 | Found Zeduz's Antique Weapon Boutique.
 42177 | Depths:2 | Found Cuajixij's Distillery.
 42199 | Depths:2 | Found Woaps's Distillery.
 42301 | Depths:2 | Bought a potion of mutation for 50 gold pieces
 42301 | Depths:2 | Bought a potion of mutation for 50 gold pieces
 42301 | Depths:2 | Gained mutation: You are partially covered in rough black scales (AC +4, Dex -1). [potion of mutation]
 42301 | Depths:2 | Gained mutation: Your body sometimes deteriorates upon taking damage. [potion of mutation]
 42301 | Depths:2 | Gained mutation: You are frail (-10% HP). [potion of mutation]
 42302 | Depths:2 | Lost mutation: You have a pair of small horns on your head. [potion of cure mutation]
 42302 | Depths:2 | Lost mutation: Your tail ends in a poisonous barb. [potion of cure mutation]
 42302 | Depths:2 | Lost mutation: Your body sometimes deteriorates upon taking damage. [potion of cure mutation]
 42303 | Depths:2 | Gained mutation: You are partially covered in rugged brown scales (AC +1, +3% HP). [potion of mutation]
 42303 | Depths:2 | Gained mutation: You are weak. (Str -2) [potion of mutation]
 42303 | Depths:2 | Lost mutation: You are weak. (Str -2) [potion of mutation]
 42313 | Depths:2 | Bought a glowing double sword for 360 gold pieces
 42385 | Depths:2 | Reached skill level 10 in Long Blades
 42394 | Depths:2 | Found a gateway to a ziggurat.
 42398 | Depths:2 | Found Zuithuybb's Magic Scroll Shop.
 42401 | Depths:2 | Bought a scroll of identify for 26 gold pieces
 42401 | Depths:2 | Bought a scroll of identify for 26 gold pieces
 42401 | Depths:2 | Bought a scroll of identify for 26 gold pieces
 42401 | Depths:2 | Bought a scroll of amnesia for 45 gold pieces
 42498 | Depths:2 | Learned a level 1 spell: Summon Butterflies
 43492 | Depths:3 | Reached XP level 23. HP: 196/196 MP: 21/42
 43496 | Depths:3 | Reached skill level 1 in Earth Magic
 43507 | Depths:3 | Found Bauch's Jewellery Boutique.
 44688 | Depths:3 | Found a one-way gate leading to the halls of Pandemonium.
 45223 | Depths:4 | Found Kizeqila's Food Shoppe.
 45448 | Depths:4 | Reached skill level 5 in Earth Magic
 45518 | Depths:4 | Reached XP level 24. HP: 160/204 MP: 13/42
 45581 | Depths:4 | Was placed under penance by Cheibriados
 45642 | Depths:4 | Was forgiven by Cheibriados
 46114 | Depths:4 | Reached skill level 10 in Invocations
 46124 | Depths:4 | Drew Focus: Dex increased to 21, Str decreased to 12
 46419 | Depths:5 | Entered Level 5 of the Depths
 46924 | Depths:5 | Reached XP level 25. HP: 213/213 MP: 40/43
 47372 | Depths:5 | Reached skill level 10 in Translocations
 47388 | Depths:5 | Got a steaming tin ring
 47395 | Depths:5 | Identified the ring "Seyst" {*Contam rElec AC+5 Str+2} (You took it off a spriggan air mage on level 5 of the Depths)
 47413 | Depths:5 | Noticed Louise
 47449 | Depths:5 | Killed Louise
 47786 | Depths:5 | Found a gate to the Realm of Zot.
 48268 | D:15     | Identified a scroll of acquirement
 48423 | Vaults:1 | Entered Level 1 of the Vaults
 48608 | Vaults:1 | Reached skill level 10 in Earth Magic
 49657 | Vaults:2 | Found Ybbagaa's Gadget Shop.
 50011 | Vaults:2 | Found a staircase to the Crypt.
 50011 | Vaults:2 | Found a basalt altar of Yredelemnul.
 50012 | Vaults:2 | Found an ancient bone altar of Kikubaaqudgha.
 50151 | Vaults:2 | Found a radiant altar of Vehumet.
 50191 | Vaults:2 | Found a roughly hewn altar of Beogh.
 50295 | Vaults:2 | Reached XP level 26. HP: 221/221 MP: 44/44
 50806 | Vaults:3 | Found Vequcepy's Book Emporium.
 50812 | Vaults:3 | Noticed Frederick
 50819 | Vaults:3 | Killed Frederick
 50897 | Vaults:3 | Reached skill level 19 in Stealth
 50979 | Vaults:3 | Noticed Jory
 50991 | Vaults:3 | Killed Jory
 50991 | Vaults:3 | Reached skill level 15 in Long Blades
 52021 | Vaults:4 | Learned a level 3 spell: Regeneration
 52164 | Vaults:4 | Found Gegip's Armour Shop.
 52921 | Vaults:4 | Reached skill level 10 in Hexes
 53080 | Vaults:5 | Entered Level 5 of the Vaults
 53083 | Vaults:5 | Reached skill level 15 in Fighting
 53111 | Vaults:5 | Reached XP level 27. HP: 234/234 MP: 23/44
 53394 | Vaults:5 | Got a smoking dagger
 53400 | Vaults:5 | Identified the +7 dagger "Tygaetri" {vamp, MP+9} (You took it off a deep elf sorcerer on level 5 of the Vaults)
 53409 | Vaults:5 | Learned a level 5 spell: Aura of Abjuration
 53415 | Vaults:5 | Learned a level 5 spell: Shadow Creatures
 53647 | Vaults:5 | Noticed an ancient lich
 53650 | Vaults:5 | Killed an ancient lich
 53650 | Vaults:5 | Reached skill level 1 in Summonings
 53739 | Vaults:5 | Got a silver rune of Zot
 53915 | Vaults:5 | Reached skill level 20 in Stealth
 53965 | Vaults:5 | Reached skill level 15 in Dodging
 54035 | Vaults:5 | Got an uncursed smoking great sword
 54062 | Vaults:5 | Identified the +5 great sword of Joafison {slice, rC+} (You took it off a yaktaur captain on level 5 of the Vaults)
 54117 | Vaults:5 | Identified the Tome of Unstable Talismans
 54122 | Vaults:5 | Learned a level 3 spell: Spectral Weapon
 54509 | Vaults:5 | Identified the Incunabulum of Feathers (You found it on level 5 of the Vaults)
 54782 | Vaults:5 | Upgraded the game from 0.17-a0-1646-geb1493d to 0.17-a0-1648-g0a089d4
 55378 | Depths:2 | Bought a potion of cure mutation for 700 gold pieces
 55378 | Depths:2 | Bought a potion of heal wounds for 100 gold pieces
 55378 | Depths:2 | Bought a potion of might for 80 gold pieces
 55378 | Depths:2 | Bought a potion of heal wounds for 100 gold pieces
 55555 | Hell     | Found a gateway to the ashen valley of Gehenna.
 55666 | Hell     | Found a gateway to the decaying netherworld of Tartarus.
 56792 | Crypt:1  | Entered Level 1 of the Crypt
 56977 | Crypt:1  | Noticed Sojobo
 56985 | Crypt:1  | Killed Sojobo
 57329 | Crypt:1  | Reached skill level 5 in Summonings
 57493 | Crypt:1  | Reached skill level 5 in Armour
 58131 | Crypt:3  | Entered Level 3 of the Crypt
 58179 | Crypt:3  | Reached skill level 21 in Stealth
 58669 | Crypt:3  | Found a staircase to the Tomb.
 58688 | Crypt:3  | Identified Khufu's Guide on Darkness
 58941 | Crypt:3  | Found an ancient bone altar of Kikubaaqudgha.
 58941 | Crypt:3  | Noticed an ancient lich
 58945 | Crypt:3  | Killed an ancient lich
 58993 | Crypt:3  | Got a clouded platinum ring
 58993 | Crypt:3  | Got a faintly glowing bone amulet
 58997 | Crypt:3  | Got a translucent lapis lazuli ring
 59001 | Crypt:3  | Identified the amulet "Hiuquesuss" {Ward rF+ rN+ Dex+3} (You found it on level 3 of the Crypt)
 59002 | Crypt:3  | Identified the ring of Palioluff {rF+ rC+ rN+ MR+ Str+2} (You found it on level 3 of the Crypt)
 59003 | Crypt:3  | Identified the ring "Ivveliud" {rF+ rN+ MP+9 Slay+3} (You found it on level 3 of the Crypt)
 59107 | Tomb:1   | Entered Level 1 of the Tomb of the Ancients
 59786 | Tomb:1   | Noticed an ancient lich
 59794 | Tomb:1   | Killed an ancient lich
 59928 | Tomb:1   | Reached skill level 22 in Stealth
 59938 | Tomb:1   | Noticed an ancient lich
 59942 | Tomb:1   | Killed an ancient lich
 62387 | Tomb:3   | Entered Level 3 of the Tomb of the Ancients
 62397 | Tomb:3   | Reached skill level 23 in Stealth
 62428 | Tomb:3   | Noticed Jorgrun
 62434 | Tomb:3   | Killed Jorgrun
 62589 | Tomb:2   | Reached skill level 1 in Charms
 62843 | Tomb:3   | Noticed an ancient lich
 63044 | Tomb:3   | Noticed an ancient lich
 63229 | Tomb:3   | Killed an ancient lich
 63243 | Tomb:3   | Killed an ancient lich
 63609 | Tomb:3   | Got a glittering ivory ring
 63614 | Tomb:3   | Identified the Handbook of the Mutagenic Entourage
 63661 | Tomb:3   | Identified Gipiat's Reference Book on Black Magic and Flight (You found it on level 3 of the Tomb of the Ancients)
 63666 | Tomb:3   | Learned a level 2 spell: Song of Slaying
 63677 | Tomb:3   | Identified Lehudib's Reference Book on Stones
 63681 | Tomb:3   | Identified the Tome of Lethal Weightlessness
 63714 | Tomb:3   | Got a smoking scale mail
 63717 | Tomb:3   | Got a polished scale mail
 63723 | Tomb:3   | Identified the ring of Jiwnuu {Str+3 SInv Stlth+} (You found it on level 3 of the Tomb of the Ancients)
 63734 | Tomb:3   | Identified the +5 scale mail of Keepsot {rF- SInv Stlth+} (You found it on level 3 of the Tomb of the Ancients)
 63747 | Tomb:3   | Identified the +3 scale mail "Unumyor" {SInv} (You found it on level 3 of the Tomb of the Ancients)
 63922 | Tomb:3   | Got a golden rune of Zot
 65156 | Depths:3 | Bought the ring "Wahet" {Fire Int+8} for 1073 gold pieces
 66614 | Slime:1  | Entered Level 1 of the Pits of Slime
 66899 | Slime:6  | Entered Level 6 of the Pits of Slime
 67244 | Slime:6  | Noticed the royal jelly
 67253 | Slime:6  | Found a viscous altar of Jiyva.
 67260 | Slime:6  | Killed the royal jelly
 67279 | Slime:6  | Got a clouded wooden ring
 67294 | Slime:6  | Got a warped cloak
 67340 | Slime:6  | Identified the cursed +0 cloak of Lies {rC+ MR+ Dex+2} (You found it on level 6 of the Pits of Slime)
 67349 | Slime:6  | Identified the ring of Jetail {Fire Int+4 Slay+5} (You found it on level 6 of the Pits of Slime)
 67430 | Slime:6  | Identified the Compendium of Warped Feathers (You found it on level 6 of the Pits of Slime)
 67469 | Slime:6  | Got a slimy rune of Zot
 67488 | Slime:6  | Learned a level 7 spell: Malign Gateway
 68177 | Hell     | Got a pair of twisted gloves
 68189 | Hell     | Identified the +0 pair of gloves of Freedom {Str+6} (You acquired it in the Vestibule of Hell)
 68257 | Hell     | Found a gateway to the freezing wastes of Cocytus.
 68313 | Coc:1    | Entered Level 1 of Cocytus
 68818 | Coc:5    | Reached skill level 15 in Evocations
 68978 | Coc:7    | Entered Level 7 of Cocytus
 69077 | Coc:7    | Reached skill level 15 in Translocations
 69110 | Coc:7    | Noticed the Serpent of Hell
 69129 | Coc:7    | Killed the Serpent of Hell
 69217 | Coc:7    | Noticed Antaeus
 69719 | Coc:7    | Got a scorched ring mail
 69856 | Coc:7    | Identified the +4 ring mail of Qoit {Slay+3} (You found it on level 7 of Cocytus)
 69891 | Coc:7    | Hired Nerest the merfolk for 332 gold.
 69892 | Coc:7    | Drew Focus: Dex increased to 22, Str decreased to 12
 69911 | Coc:7    | Killed Antaeus
 69980 | Coc:7    | Got an icy rune of Zot
 70129 | Coc:7    | Your ally Nerest died
 70610 | Elf:3    | You paid a toll of a +4 demon blade to enter a treasure trove
 70611 | Trove    | Entered a treasure trove
 70636 | Trove    | Identified Sif Muna's Disquisition on Damage Dealing
 70647 | Trove    | Identified Sif Muna's Handbook of Flying Attacks
 70657 | Trove    | Identified the Incunabulum of the Five Eyes
 70660 | Trove    | Identified Tienwura's Grimoire of Attacks and Fire
 70672 | Trove    | Identified Aqug's Volume of Dislocation
 71142 | Elf:2    | Bought a legendary deck of war for 546 gold pieces
 71157 | Elf:2    | Bought a blackened bone wand for 136 gold pieces
 71612 | Hell     | Learned a level 5 spell: Phase Shift
 71621 | Hell     | Learned a level 7 spell: Spellforged Servitor
 71631 | Hell     | Learned a level 8 spell: Lehudib's Crystal Spear
 71770 | Geh:1    | Entered Level 1 of Gehenna
 72132 | Geh:2    | Upgraded the game from 0.17-a0-1648-g0a089d4 to 0.17-a0-1650-gce8475a
 72899 | Geh:7    | Entered Level 7 of Gehenna
 73455 | Geh:7    | Reached skill level 15 in Conjurations
 73811 | Geh:7    | Reached skill level 15 in Earth Magic
 74015 | Geh:7    | Got an iridescent mace
 74047 | Geh:7    | Noticed Asmodeus
 74158 | Geh:7    | Killed Asmodeus
 74262 | Geh:7    | Identified the Incunabulum of Talismans
 74265 | Geh:7    | Got a sparkling iron amulet
 74290 | Geh:7    | Got a twitching brass ring
 74292 | Geh:7    | Identified the Compendium of the Merchant
 74327 | Geh:7    | Got an obsidian rune of Zot
 74413 | Geh:7    | Identified the ring of Eternal Night {+Fly MR++} (You found it on level 7 of Gehenna)
 74434 | Geh:7    | Identified the amulet "Mopojo" {rMut rF+++ rN++ Int-2 Slay+2} (You found it on level 7 of Gehenna)
 74480 | Geh:7    | Got a crystal hand crossbow
 74484 | Geh:7    | Identified the +10 hand crossbow of Shame {flame, rN++ MR+ Int+2} (You found it on level 7 of Gehenna)
 74834 | Depths:2 | Bought a scroll of blinking for 97 gold pieces
 74834 | Depths:2 | Bought a scroll of immolation for 45 gold pieces
 74841 | Zig:1    | Entered Level 1 of a ziggurat
 74865 | Zig:2    | Entered Level 2 of a ziggurat
 74892 | Zig:3    | Entered Level 3 of a ziggurat
 74924 | Zig:4    | Entered Level 4 of a ziggurat
 74978 | Zig:5    | Entered Level 5 of a ziggurat
 75031 | Zig:5    | Got a pitted chain mail
 75051 | Zig:5    | Identified the +9 chain mail "Etiwn" {rCorr Int-3 Dex+3} (You found it on level 5 of a ziggurat)
 75237 | Zig:6    | Entered Level 6 of a ziggurat
 75309 | Zig:7    | Entered Level 7 of a ziggurat
 75364 | Zig:7    | Got a smoking golden ring
 75380 | Zig:8    | Entered Level 8 of a ziggurat
 75436 | Zig:8    | Got a fine short sword
 75458 | Zig:8    | Identified the +4 short sword of Valour {freeze, rN+ Str-5 Int+3 Dex+4} (You found it on level 8 of a ziggurat)
 75460 | Zig:8    | Got a pitted short sword
 75461 | Zig:8    | Identified the +3 short sword "Impslayer" {flame, *Noise +Fly Int+3} (You found it on level 8 of a ziggurat)
 75469 | Zig:8    | Identified the ring "Behucel" {rElec Str+4 Int-4 SInv} (You found it on level 7 of a ziggurat)
 75476 | Zig:9    | Entered Level 9 of a ziggurat
 75555 | Zig:9    | Got a smoking scale mail
 75571 | Zig:9    | Identified the cursed +0 scale mail of Guentyur {+Fly rPois Str+2 Dex-2} (You found it on level 9 of a ziggurat)
 75578 | Zig:9    | Got an ancient spear
 75584 | Zig:9    | Identified the cursed +3 spear of the Silent Majority {elec, SInv} (You found it on level 9 of a ziggurat)
 75595 | Zig:10   | Entered Level 10 of a ziggurat
 75676 | Zig:11   | Entered Level 11 of a ziggurat
 75726 | Zig:11   | Got a smelly plate armour
 75734 | Zig:11   | Identified the Incunabulum of Arcane Weapons and Feathers
 75767 | Zig:11   | Identified the +7 plate armour of Koall {rC+} (You found it on level 11 of a ziggurat)
 75949 | Zig:12   | Entered Level 12 of a ziggurat
 76001 | Zig:12   | Got a wavering pewter ring
 76014 | Zig:12   | Got a warped marble ring
 76021 | Zig:12   | Identified the ring of Arammeab {rPois rC- MR+++ Str+3 Int+2} (You found it on level 12 of a ziggurat)
 76023 | Zig:12   | Identified the cursed ring of the Ancient Beds {MR- Int-3 Dex+6} (You found it on level 12 of a ziggurat)
 76030 | Zig:12   | Got a slimy rapier
 76032 | Zig:12   | Got an ebony scimitar
 76043 | Zig:13   | Entered Level 13 of a ziggurat
 76058 | Zig:13   | Noticed Cocrodghui the pandemonium lord
 76059 | Zig:13   | Paralysed by a giant eyeball for 3 turns
 76065 | Zig:13   | Killed Cocrodghui the pandemonium lord
 76066 | Zig:13   | Paralysed by a giant eyeball for 4 turns
 76071 | Zig:13   | Reached skill level 10 in Summonings
 76074 | Zig:13   | Paralysed by a giant eyeball for 4 turns
 76094 | Zig:13   | Got a smoking helmet
 76127 | Zig:13   | Identified the cursed +0 helmet of Kegaewk {Str+3} (You found it on level 13 of a ziggurat)
 76141 | Zig:13   | Gained mutation: Your muscles are strong. (Str +2) [potion of beneficial mutation]
 76156 | Zig:13   | Identified the +4 rapier of the Shining Light {vamp, rN+ MR- MP+9 SInv} (You found it on level 12 of a ziggurat)
 76211 | Zig:14   | Entered Level 14 of a ziggurat
 76295 | Zig:14   | Learned a level 9 spell: Fire Storm
 76315 | Zig:14   | Reached skill level 5 in Fire Magic
 76375 | Zig:15   | Entered Level 15 of a ziggurat
 76464 | Zig:15   | Reached skill level 10 in Fire Magic
 76466 | Zig:15   | Identified the Grimoire of Augmentations (You found it on level 15 of a ziggurat)
 76471 | Zig:15   | Got an ichor-stained plate armour
 76482 | Zig:15   | Identified the +1 plate armour of the Garden {rPois rF- MR+ SInv} (You found it on level 15 of a ziggurat)
 76618 | Zig:16   | Entered Level 16 of a ziggurat
 76634 | Zig:16   | Noticed Byriklep the pandemonium lord
 76648 | Zig:16   | Killed Byriklep the pandemonium lord
 76752 | Zig:16   | Got a scintillating bone amulet
 76757 | Zig:16   | Identified the amulet "Zuomos" {Clar rC+ Int+4 Dex+3} (You found it on level 16 of a ziggurat)
 76768 | Zig:16   | Got a heavily runed ivory ring
 76771 | Zig:16   | Identified the ring of Daha {*Corrode +Fly rElec Dex+3 SInv} (You found it on level 16 of a ziggurat)
 76776 | Zig:16   | Got a heavily runed copper amulet
 76777 | Zig:16   | Identified the amulet of the Gloaming {Faith *Drain +Blink rElec Str-3} (You found it on level 16 of a ziggurat)
 76789 | Zig:16   | Got a faintly glowing lajatang
 76795 | Zig:16   | Identified the cursed +0 lajatang of the Desert {venom, rPois Str+3 SInv} (You found it on level 16 of a ziggurat)
 76809 | Zig:17   | Entered Level 17 of a ziggurat
 76858 | Zig:17   | Noticed Tor Wuok the pandemonium lord
 76942 | Zig:17   | Upgraded the game from 0.17-a0-1650-gce8475a to 0.17-a0-1651-gae1a69f
 76963 | Zig:17   | Identified the Almanac of Creative Ignition (You found it on level 17 of a ziggurat)
 76969 | Zig:18   | Entered Level 18 of a ziggurat
 77227 | Zig:19   | Entered Level 19 of a ziggurat
 77267 | Zig:19   | Noticed Alet Wiowno the pandemonium lord
 77322 | Zig:19   | Killed Alet Wiowno the pandemonium lord
 77522 | Zig:19   | Got a pair of twisted gloves
 77533 | Zig:19   | Identified the +0 pair of gloves of Valour {*Confuse rC++ Stlth+} (You found it on level 19 of a ziggurat)
 77839 | Tar:1    | Entered Level 1 of Tartarus
 78538 | Tar:5    | Reached skill level 24 in Stealth
 78704 | Tar:5    | You fall through a shaft!
 79474 | Tar:7    | Entered Level 7 of Tartarus
 79488 | Tar:7    | Noticed an ancient lich
 79514 | Tar:7    | Killed an ancient lich
 79815 | Tar:7    | Noticed an ancient lich
 79818 | Tar:7    | Killed an ancient lich
 79984 | Tar:7    | Got a transparent leather armour
 79986 | Tar:7    | Identified the Incunabulum of Talismans
 79988 | Tar:7    | Got a fine garnet amulet
 79991 | Tar:7    | Identified the amulet "Deamniock" {Spirit rElec Int+8 Slay-4} (You found it on level 7 of Tartarus)
 80000 | Tar:7    | Identified the +3 leather armour "Didghupt" {Stlth+} (You found it on level 7 of Tartarus)
 80171 | Tar:7    | Noticed Ereshkigal
 80183 | Tar:7    | Killed Ereshkigal
 80217 | Tar:7    | Got a bone rune of Zot
 80417 | Depths:2 | Bought a potion of brilliance for 80 gold pieces
 80417 | Depths:2 | Bought a potion of curing for 60 gold pieces
 80417 | Depths:2 | Bought a potion of curing for 60 gold pieces
 80417 | Depths:2 | Bought a potion of curing for 60 gold pieces
 80446 | Depths:1 | Voluntarily entered the Abyss.
 80446 | Abyss:1  | Found a corrupted altar of Lugonu.
 80711 | Abyss:1  | Found a blossoming altar of Fedhas.
 80881 | Abyss:1  | Found a corrupted altar of Lugonu.
 81151 | Abyss:2  | Found a corrupted altar of Lugonu.
 81435 | Abyss:2  | Noticed an ancient lich
 81634 | Abyss:5  | Entered Level 5 of the Abyss
 81698 | Abyss:5  | Found a corrupted altar of Lugonu.
 81703 | Abyss:5  | Found a corrupted altar of Lugonu.
 81786 | Abyss:5  | Found a corrupted altar of Lugonu.
 81884 | Abyss:5  | Got an abyssal rune of Zot
 82037 | Abyss:5  | Found a snail-covered altar of Cheibriados.
 82245 | Abyss:5  | Found a corrupted altar of Lugonu.
 82497 | Abyss:5  | Paralysed by accursed screaming for 1 turns
 82839 | Abyss:5  | Gained mutation: You occasionally shout uncontrollably at your foes. [a neqoxec]
 82968 | Abyss:5  | Paralysed by accursed screaming for 2 turns
 82981 | Abyss:5  | Paralysed by accursed screaming for 2 turns
 83152 | Depths:1 | Escaped the Abyss
 83227 | Dis:1    | Entered Level 1 of the Iron City of Dis
 83690 | Dis:7    | Entered Level 7 of the Iron City of Dis
 83905 | Dis:7    | Identified the Papyrus of the Mutagenic Escort
 84280 | Dis:7    | Noticed Dispater
 84295 | Dis:7    | Killed Dispater
 84318 | Dis:7    | Got an iron rune of Zot
 84667 | Depths:2 | Bought a potion of magic for 160 gold pieces
 84667 | Depths:2 | Bought a potion of curing for 60 gold pieces
 84667 | Depths:2 | Bought a potion of cancellation for 160 gold pieces
 84667 | Depths:2 | Bought a potion of magic for 160 gold pieces
 84667 | Depths:2 | Bought a potion of resistance for 200 gold pieces
 84667 | Depths:2 | Bought a potion of brilliance for 80 gold pieces
 84726 | Pan      | Entered Pandemonium
 84738 | Pan      | Reached skill level 15 in Fire Magic
 84818 | Pan      | Found an exit through the horrors of the Abyss.
 85005 | Pan      | Noticed Todarieh the pandemonium lord
 85016 | Pan      | Killed Todarieh the pandemonium lord
 85046 | Pan      | Lost mutation: You are frail (-10% HP). [potion of cure mutation]
 85046 | Pan      | Lost mutation: Your muscles are strong. (Str +2) [potion of cure mutation]
 85046 | Pan      | Lost mutation: You occasionally shout uncontrollably at your foes. [potion of cure mutation]
 85046 | Pan      | Lost mutation: You are partially covered in rugged brown scales (AC +1, +3% HP). [potion of cure mutation]
 85046 | Pan      | Lost mutation: You are partially covered in rough black scales (AC +4, Dex -1). [potion of cure mutation]
 85202 | Pan      | Found a runed door.
 85241 | Pan      | Noticed Zokhabat the pandemonium lord
 85247 | Pan      | Killed Zokhabat the pandemonium lord
 85488 | Pan      | Noticed Hesuh the pandemonium lord
 85498 | Pan      | Killed Hesuh the pandemonium lord
 85570 | Pan      | Got a demonic rune of Zot
 85600 | Pan      | Found an exit through the horrors of the Abyss.
 85623 | Pan      | Noticed Wikhepeq the pandemonium lord
 85625 | Pan      | Killed Wikhepeq the pandemonium lord
 85842 | Pan      | Found an exit through the horrors of the Abyss.
 85932 | Pan      | Got an encrusted shield
 85934 | Pan      | Identified the cursed +0 shield "Numimp" {rC+ rCorr Str+4 Int+4} (You took it off a balrug in Pandemonium)
 85961 | Pan      | Noticed Naumuc the pandemonium lord
 85975 | Pan      | Killed Naumuc the pandemonium lord
 86380 | Pan      | Found an exit through the horrors of the Abyss.
 86447 | Pan      | Noticed Mennas
 86487 | Pan      | Killed Mennas
 86505 | Pan      | Found an exit through the horrors of the Abyss.
 86647 | Pan      | Noticed Istepyawk the pandemonium lord
 86656 | Pan      | Killed Istepyawk the pandemonium lord
 87127 | Pan      | Learned a level 2 spell: Repel Missiles
 87197 | Pan      | Entered the realm of Gloorx Vloq.
 87272 | Pan      | Found an exit through the horrors of the Abyss.
 87621 | Pan      | Noticed Gloorx Vloq
 87629 | Pan      | Killed Gloorx Vloq
 87646 | Pan      | Got a dark rune of Zot
 87799 | Pan      | Found an exit through the horrors of the Abyss.
 87858 | Pan      | Found a huge runed gate.
 87879 | Pan      | Noticed Uploweq the pandemonium lord
 87897 | Pan      | Killed Uploweq the pandemonium lord
 87919 | Pan      | Entered the realm of Mnoleg.
 87926 | Pan      | Noticed Mnoleg
 87989 | Pan      | Gained mutation: You are somewhat resistant to further mutation. [mutagenic meat]
 87990 | Pan      | Gained mutation: You possess an exceptional clarity of mind. [mutagenic meat]
 87991 | Pan      | Gained mutation: Your spells are a little harder to cast, but a little more powerful. [mutagenic meat]
 87993 | Pan      | Gained mutation: You passively map a small area around you. [mutagenic meat]
 88024 | Pan      | Killed Mnoleg
 88050 | Pan      | Got a glowing rune of Zot
 88553 | Pan      | Entered the realm of Cerebov.
 88777 | Pan      | Noticed Cerebov
 88803 | Pan      | Killed Cerebov
 88835 | Pan      | Got a fiery rune of Zot
 89020 | Pan      | Got a translucent rapier
 89022 | Pan      | Identified the +6 rapier "Odifro" {flame, *Corrode +Fly Int+8} (You found it in Pandemonium)
 89127 | Pan      | Identified the Handbook of Enhancements (You found it in Pandemonium)
 89143 | Pan      | Learned a level 6 spell: Deflect Missiles
 89214 | Pan      | Identified Batuatiadu's Compendium of Good Luck
 89219 | Pan      | Got a warped bronze ring
 89222 | Pan      | Identified the ring of Peafadao {Str+6 Int-3 Dex+8} (You found it in Pandemonium)
 89295 | Pan      | Reached skill level 1 in Air Magic
 89334 | Pan      | Reached skill level 5 in Air Magic
 89576 | Pan      | Learned a level 2 spell: Stoneskin
 89752 | Pan      | Reached skill level 10 in Air Magic
 89813 | Pan      | Found an exit through the horrors of the Abyss.
 89850 | Pan      | Gained mutation: Your body sometimes deteriorates upon taking damage. [a cacodemon]
 89906 | Pan      | Found an exit through the horrors of the Abyss.
 89958 | Pan      | Entered the realm of Lom Lobon.
 90104 | Pan      | Found a gateway to a ziggurat.
 90379 | Pan      | Noticed Lom Lobon
 90397 | Pan      | Killed Lom Lobon
 90425 | Pan      | Got a magical rune of Zot
 90624 | Zig:1    | Entered Level 1 of a ziggurat
 90640 | Zig:2    | Entered Level 2 of a ziggurat
 90666 | Zig:3    | Entered Level 3 of a ziggurat
 90699 | Zig:4    | Entered Level 4 of a ziggurat
 90727 | Zig:4    | Identified the Catalogue of Glacial Companions
 90744 | Zig:5    | Entered Level 5 of a ziggurat
 90807 | Zig:5    | Lost mutation: You are somewhat resistant to further mutation. [potion of cure mutation]
 90807 | Zig:5    | Lost mutation: Your body sometimes deteriorates upon taking damage. [potion of cure mutation]
 90807 | Zig:5    | Lost mutation: You possess an exceptional clarity of mind. [potion of cure mutation]
 90807 | Zig:5    | Lost mutation: You passively map a small area around you. [potion of cure mutation]
 90811 | Zig:5    | Got a bloodstained great sword
 90812 | Zig:5    | Identified the +10 great sword "Tadoqec" {speed, +Blink Str+4} (You found it on level 5 of a ziggurat)
 90816 | Zig:6    | Entered Level 6 of a ziggurat
 90875 | Zig:7    | Entered Level 7 of a ziggurat
 90909 | Zig:7    | Got a bloodstained war axe
 90916 | Zig:7    | Identified the +5 war axe "Woseud" {chop, +Blink rPois rF+ rC-} (You found it on level 7 of a ziggurat)
 90945 | Zig:8    | Entered Level 8 of a ziggurat
 90991 | Zig:9    | Entered Level 9 of a ziggurat
 91043 | Zig:9    | Got a smoking shield
 91044 | Zig:9    | Identified the +3 shield of Maulecvo {+Fly Regen+ Int+4 Slay-4} (You found it on level 9 of a ziggurat)
 91049 | Zig:10   | Entered Level 10 of a ziggurat
 91148 | Zig:10   | Got a pair of translucent gloves
 91151 | Zig:10   | Identified the cursed +0 pair of gloves of Namae {Regen+} (You found it on level 10 of a ziggurat)
 91157 | Zig:11   | Entered Level 11 of a ziggurat
 91163 | Zig:11   | Noticed Emess the pandemonium lord
 91190 | Zig:11   | Killed from afar by a Brimstone Fiend

Vault maps used:
D:1:      dpeg_arrival_water_altar
D:2:      lemuel_blue_sif_altar
D:3:      overflow_temple_1_default, tso_altar, kennysheep_generic_room_11,
          uniq_terence, uniq_iyjb
D:4:      makhleb_altar_promises_db, lemuel_crystal_altar,
          minmay_temple_entry_butterflies
D:5:      minmay_goblin_kobold_castle, lightli_temple_of_fire,
          kennysheep_mini_moat, grunt_temple_overflow_open, serial_shops, shop,
          first_bread
D:6:      nicolae_ru_sacrificial_ziggurat, uniq_duvessa, uniq_eustachio,
          uniq_edmund
D:7:      kennysheep_kobold_camp, kennysheep_mini
D:8:      david_nohive_1
D:9:      nicolae_overflow_crystal_walls, serial_shops, shop
D:10:     grunt_lair_entry_elf_guard_hut, pond
D:11:     minmay_variable_closet, nrook_mini_vaults, serial_bayou_lagoon_a,
          minivault_16
D:12:     hiddenorc2_lemuel
D:13:     erik_vaults_2, uniq_frances
D:14:     lemuel_flame_loot_2, uniq_nessos, uniq_snorg
D:15:     gammafunk_enter_depths_forms, basic_altar, kennysheep_crisscross
Temple:   circular_temple_6
Lair:1:   small_statue_intersection
Lair:2:   ldierk_geyser, st_stairs_9
Lair:4:   elwin_shoals_entry_rooms, dummy_spider_entry
Lair:5:   uniq_rupert
Lair:6:   beast_lair_carwin_large_2, lemuel_fruit_fields
Lair:7:   dpeg_slime_entry_corner, kennysheep_basilisk_garden,
          grunt_megastairs_4
Lair:8:   evilmike_catoblepas_cave
Shoals:1: lemuel_oklob_altar
Shoals:2: nicolae_shoals_flooded_hall, uniq_polyphemus, uniq_nikola
Shoals:3: uniq_donald, uniq_ilsuiw
Shoals:4: serial_shops, shop, shop, shop, shop, shop_coins,
          shoals_end_hangedman, shoals_ilsuiw_alternative
Spider:3: uniq_mara, uniq_arachne, uniq_wiglaf
Spider:4: spider_rune_water
Slime:1:  cheibrodos_slime_lost_civilization_3
Slime:4:  uniq_dissolution
Orc:2:    basic_altar
Orc:3:    serial_shops, shop, nicolae_orc_pool_cavern, nooodl_orcs_dogs
Orc:4:    st_orc_town, nicolae_volcano_entry_lava_flow, uniq_azrael
Elf:1:    dpeg_oklob_gauntlet, basic_altar, serial_glass, glass_columns_b,
          glass_columns_c, hangedman_elf_represent, corexii_leaking_fountain
Elf:2:    serial_shops, nicolae_shop_overgrown_old_shop, shop, shop,
          mu_enter_wizlab_4, st_stairs_4, amalloy_card_club
Elf:3:    minmay_elf_hall_four_x, serial_shops, bzr_entry_safe, enter_trove_3
Vaults:1: v_pattern_3, hangedman_vaults_corner_blocks, v_rooms_5, v_misc_30,
          v_misc_2, v_misc_1, hangedman_vaults_impose, v_misc_19,
          hangedman_vaults_hat, vaults_room_pool, ontoclasm_vaults_ring_square,
          nicolae_vaults_diagonal_hallway_6
Vaults:2: vaults_standard_mumra_enter_the_diamond, nicolae_vaults_little_ls,
          v_alt_pattern_2, nicolae_vaults_little_squares_4, v_alt_pattern_6,
          vaults_mumra_hex, minmay_crypt_entry_necro_gods, special_room_vaults,
          ontoclasm_vaults_tryst, basic_altar, serial_shops, shop
Vaults:3: nicolae_vaults_windows_and_doors_thing, ontoclasm_vaults_fire_temple,
          v_misc_25, hangedman_vaults_locks, hangedman_vaults_unwind,
          grunt_vaults_funnel, v_misc_12, vaults_room_grunt_arrival_ludios,
          serial_shops, nicolae_shop_trees, uniq_frederick, uniq_jory
Vaults:4: ontoclasm_vaults_spin, hangedman_vaults_stream,
          nicolae_vaults_asterisk, v_pattern_1, ontoclasm_vaults_pinch,
          hangedman_vaults_corner_blocks, hangedman_vaults_restitches,
          st_spiral_rooms, vaults_dpeg_encased_lava, v_misc_26,
          nicolae_vaults_little_squares_1, nicolae_vaults_mini_display_case,
          nicolae_vaults_little_squares_2, serial_shops, nicolae_shop_waterfront
Crypt:1:  grunt_crypt_arrival_webbed, roderic_lattice_octagonal_star,
          uniq_sojobo
Crypt:3:  cryptofortress_bobbens
Tomb:3:   uniq_jorgrun
Depths:1: grunt_decor_cap, hellmouth_1, hangedman_abyss_entry_splay,
          minmay_tree_intersection, kennysheep_generic_room_5
Depths:2: minmay_outward_triangles, ziggurat_fallback, nicolae_snake_squiggles,
          serial_shops, shop_coins, shop, nicolae_shop_statue_plus, shop,
          grunt_hell_entry_dis_mu
Depths:3: minmay_skeleton_keep, rand_demon_pan_entry_3, abyss_entry,
          hangedman_coc_ice_floe, serial_shops, nicolae_shop_trees, minivault_12
Depths:4: minmay_central_circle, pan_entry, serial_shops, nicolae_shop_crystal,
          minmay_room_of_horrors, hell_entry, firewood_loft
Depths:5: grunt_x_marks_the_spot, nicolae_twisting_strands,
          nicolae_abyss_entry_one_way_or_another, hell_entry, st_stairs_4,
          minmay_serpent_palace
Dis:4:    grunt_megastairs_2
Dis:5:    hangedman_dis_decor_tower, evilmike_ambush
Dis:7:    dis_hangedman
Geh:6:    grunt_bruiser_brothers
Geh:7:    geh_mu
Coc:7:    coc_dpeg
Tar:1:    hangedman_damned_closets
Tar:2:    minmay_shadows
Tar:3:    nicolae_tar_cuneiform_bird
Tar:4:    nicolae_tar_cuneiform_heaven, nicolae_tar_cuneiform_oil
Tar:5:    evilmike_ambush
Tar:7:    tar_old
Abyss:3:  nicolae_abyss_rune_more_like_crabyss
Abyss:4:  serial_sigils_hangedman_quiver, abyss_greek_temple, minivault_26
Abyss:5:  grunt_abyss_rune_twisted_forest, evilmike_abyss_exit_mutagenic
Pan:      evilmike_mini_pan_corner, pan_blood_fountain, rand_demon_9,
          nicolae_pan_cerebovesque_3, lemuel_draining_boxes,
          grunt_pan_pentagram, pan_blood_fountain_small,
          nicolae_pan_sick_transit, nicolae_pan_gloorx_vloqian_2,
          grunt_pan_zigzag, nicolae_pan_sigil_uleosi, evilmike_mini_pan_doors_b,
          nicolae_pan_sigil_nadil, grunt_pan_in_and_out, pan_blood_fountain_2,
          evilmike_mini_pan_pillars_b, uniq_mennas_pan,
          reaverb_pan_figure_eight, nicolae_pan_lom_lobonic_4,
          nicolae_pan_hourglass, uniq_mennas_pan, evilmike_mini_pan_diamond,
          pan_blood_fountain_2, reaverb_pan_chaos_star, rand_demon_5,
          nicolae_pan_gloorx_vloqian_2, evilmike_gloorx_vloq_box,
          pan_blood_fountain_small, nicolae_pan_mnolegish_1, grunt_pan_sceptre,
          enter_ziggurat_pan_c, nicolae_pan_giant_door,
          pan_blood_fountain_small, mnoleg_st, evilmike_mini_pan_diamond,
          pan_blood_fountain_small, cerebov_st, pan_blood_fountain,
          evilmike_mini_pan_pillars, enter_ziggurat_pan_a,
          nicolae_pan_mnolegish_2, rand_demon_9, lom_lobon_spiral_st,
          enter_ziggurat_pan_b, pan_blood_fountain_small
Zig:7:    ziggurat_pillar_centre_oklobs
Zig:13:   ziggurat_pillar_centre_c
Zig:14:   ziggurat_pillar_centre_dead_trees
Zig:15:   ziggurat_pillar_centre_smoke
Zig:18:   ziggurat_loot_3
Bazaar:   bazaar_jpeg_circle_common
Trove:    trove_books_scrolls
WizLab:   wizlab_lehudib

Action                   |  1- 3 |  4- 6 |  7- 9 | 10-12 | 13-15 | 16-18 | 19-21 | 22-24 | 25-27 || total
-------------------------+-------+-------+-------+-------+-------+-------+-------+-------+-------++-------
Melee: Dagger            |    75 |   123 |   505 |   490 |   310 |   318 |   839 |    54 |     7 ||  2721
       Scimitar          |       |       |       |   163 |   583 |   726 |    52 |   176 |       ||  1700
       Whip              |       |       |       |       |       |       |   214 |       |       ||   214
       Double sword      |       |       |       |       |       |       |       |   916 |  8858 ||  9774
       Staff             |       |       |       |       |       |       |       |       |    19 ||    19
Throw: Throwing net      |       |       |       |       |       |     2 |     3 |     1 |     3 ||     9
 Cast: Corona            |    20 |    23 |   111 |    96 |    55 |    16 |     2 |       |       ||   323
       Tukima's Dance    |       |     9 |    44 |    47 |    68 |    20 |   110 |   107 |   174 ||   579
       Confuse           |       |     5 |     7 |    11 |       |       |     2 |       |       ||    25
       Dazzling Spray    |       |       |     5 |    77 |    84 |    54 |    17 |     1 |       ||   238
       Slow              |       |       |     1 |    10 |    76 |    76 |    38 |    63 |    70 ||   334
       Cause Fear        |       |       |       |     3 |     1 |     4 |       |     4 |       ||    12
       Bolt of Draining  |       |       |       |     3 |    39 |    56 |   110 |    73 |    63 ||   344
       Agony             |       |       |       |       |    15 |    14 |     6 |     5 |     1 ||    41
       Blink             |       |       |       |       |     7 |    15 |       |       |       ||    22
       Passage of Golubr |       |       |       |       |     6 |     5 |     4 |     1 |       ||    16
       Iron Shot         |       |       |       |       |       |     1 |     2 |    27 |    85 ||   115
       Death Channel     |       |       |       |       |       |       |     2 |    11 |     6 ||    19
       Summon Butterflie |       |       |       |       |       |       |       |    39 |    32 ||    71
       Controlled Blink  |       |       |       |       |       |       |       |       |    36 ||    36
       Regeneration      |       |       |       |       |       |       |       |       |    49 ||    49
       Phase Shift       |       |       |       |       |       |       |       |       |    77 ||    77
       Aura of Abjuratio |       |       |       |       |       |       |       |       |    47 ||    47
       Lehudib's Crystal |       |       |       |       |       |       |       |       |    34 ||    34
       Stoneskin         |       |       |       |       |       |       |       |       |    26 ||    26
       Spectral Weapon   |       |       |       |       |       |       |       |       |    20 ||    20
       Malign Gateway    |       |       |       |       |       |       |       |       |    19 ||    19
       Fire Storm        |       |       |       |       |       |       |       |       |    14 ||    14
       Song of Slaying   |       |       |       |       |       |       |       |       |    13 ||    13
       Spellforged Servi |       |       |       |       |       |       |       |       |    12 ||    12
       Shadow Creatures  |       |       |       |       |       |       |       |       |     3 ||     3
       Repel Missiles    |       |       |       |       |       |       |       |       |     2 ||     2
       Deflect Missiles  |       |       |       |       |       |       |       |       |     2 ||     2
Invok: Slouch            |       |       |       |     2 |     4 |     8 |    14 |    13 |    54 ||    95
       Bend Time         |       |       |       |     1 |       |       |       |       |       ||     1
       Step From Time    |       |       |       |       |     1 |     2 |       |       |     1 ||     4
       Temporal Distorti |       |       |       |       |       |       |     4 |     3 |     1 ||     8
 Abil: Spit Poison       |     3 |     6 |     5 |    26 |    18 |    10 |     6 |     9 |     8 ||    91
       Evoke Teleportati |       |       |       |       |     1 |       |       |       |       ||     1
       Evoke Flight      |       |       |       |       |     1 |     6 |     4 |     5 |    17 ||    33
       Stop Flying       |       |       |       |       |       |     3 |       |     5 |     6 ||    14
       Evoke Invisibilit |       |       |       |       |       |       |     1 |       |     1 ||     2
Evoke: Wand              |       |       |       |     1 |    45 |     5 |     6 |    26 |    25 ||   108
       Sack of spiders   |       |       |       |       |       |     2 |       |    12 |     5 ||    19
       Disc of storms    |       |       |       |       |       |       |    78 |    41 |    92 ||   211
       Lamp of fire      |       |       |       |       |       |       |     5 |     5 |    13 ||    23
       Phial of floods   |       |       |       |       |       |       |     2 |     2 |    12 ||    16
       Deck              |       |       |       |       |       |       |     4 |    14 |    27 ||    45
       Horn of Geryon    |       |       |       |       |       |       |       |     1 |     6 ||     7
       Fan of gales      |       |       |       |       |       |       |       |       |     8 ||     8
       Stone of tremors  |       |       |       |       |       |       |       |       |     4 ||     4
       Staff of energy   |       |       |       |       |       |       |       |       |     3 ||     3
       Sceptre of Asmode |       |       |       |       |       |       |       |       |     2 ||     2
       Crystal ball of e |       |       |       |       |       |       |       |       |     2 ||     2
       Phantom mirror    |       |       |       |       |       |       |       |       |     1 ||     1
  Use: Scroll            |     2 |     7 |     8 |     6 |    21 |     9 |    15 |     7 |   122 ||   197
       Potion            |       |       |     1 |     2 |     7 |     9 |     6 |    10 |    48 ||    83
 Stab: Sleeping          |     6 |    15 |    22 |    31 |    55 |    34 |    47 |     9 |   136 ||   355
       Confused          |       |     2 |     3 |     5 |       |       |       |     1 |     3 ||    14
       Distracted        |       |       |     7 |    12 |    15 |    14 |    16 |    29 |   139 ||   232
       Invisible         |       |       |     2 |    15 |    12 |    20 |    14 |       |     8 ||    71
       Fleeing           |       |       |       |       |       |     1 |       |       |     2 ||     3
       Held in net/web   |       |       |       |       |       |     2 |       |     3 |       ||     5
       Paralysed         |       |       |       |       |       |       |       |       |     4 ||     4
  Eat: Chunk             |     1 |     7 |    14 |    16 |    35 |    22 |    15 |    12 |    50 ||   172
       Fruit             |       |       |       |       |     3 |       |       |     2 |     4 ||     9
       Beef jerky        |       |       |       |       |     1 |     1 |     2 |       |    14 ||    18
       Meat ration       |       |       |       |       |     1 |     3 |     3 |       |    13 ||    20
       Pizza             |       |       |       |       |       |       |     5 |     1 |     4 ||    10
       Royal jelly       |       |       |       |       |       |       |     1 |       |     1 ||     2
       Bread ration      |       |       |       |       |       |       |     1 |     2 |     3 ||     6
